Workbook

Sheet Ficha 1
B2: Ficha 1: Antecedentes del programa
B4: 1. Información general
B6: Nombre del programa: | C6: Salud Materno Neonatal
B7: Institución responsable: | C7: Servicio Nacional de Salud
B8: Población objetivo y cantidad: | C8: Población Gestante, Puerperas y Población Neonatal que acuden a los hospitales de la Red de Salud Pública | D8: Condición o aspecto de interés: | E8: Mortalidad materno y neonatal
B9: Año de inicio: | C9: 2027 | D9: Presupuesto aprobado: | E9: 2,884,121,626
B10: Otras instituciones involucradas
B11: Hospital Maternidad San Lorenzo de Los Mina y Hospital Maternidad Nuestra Sra. de La Altagracia
B12: Objetivos de desarrollo (END/PNPSP) a los que contribuye el programa
B13: • La Estrategia Nacional de Desarrollo 2030 (Ley 1-12), que establece en su Eje 2 el objetivo de garantizar el acceso a servicios de salud de calidad y reducir las desigualdades en salud, priorizando la atención materna y neonatal como componente esencial del bienestar social. • El Plan Nacional Plurianual del Sector Público, que promueve la implementación del presupuesto orientado a resultados como mecanismo para mejorar la eficiencia del gasto público y asegurar una mayor vinculación entre recursos asignados y resultados obtenidos.
B15: 2. Diagnóstico
B17: 2.1 Describa, en forma muy concreta, el problema identificado y caracterizado en el diagnóstico
B18: La mortalidad materna y neonatal continúa representando un problema de salud pública en la República Dominicana, debido a la ocurrencia de muertes prevenibles asociadas a complicaciones obstétricas, trastornos hipertensivos, sepsis, prematuridad, asfixia neonatal y limitaciones en el acceso oportuno y de calidad a los servicios de atención materna y neonatal.
B19: 2.2 Señale las causas del problema
B20: Entre las principales causas del problema se identifican: - Hemorragias obstétricas. - Trastornos hipertensivos del embarazo, como preeclampsia y eclampsia. - Infecciones asociadas al embarazo y parto. - Complicaciones derivadas del aborto. - Enfermedades preexistentes agravadas durante el embarazo. - Acceso limitado o tardío a controles prenatales y atención obstétrica especializada. - Debilidades en la referencia y atención oportuna de emergencias obstétricas. - Condiciones de pobreza, desigualdad social y barreras geográficas para acceder a servicios de salud. También se identifican causas neonatales asociadas a: - Prematuridad, - Síndrome de dificultad respiratoria, - Asfixia perinatal, - Sepsis neonatal, - Enfermedades congénitas y metabólicas diagnosticadas tardíamente.
B21: 2.3 Señale los efectos del problema
B22: Los principales efectos asociados a la mortalidad materna son: - Incremento del riesgo de mortalidad neonatal e infantil. - Impacto negativo en el bienestar familiar y social. - Aumento de las brechas de desigualdad y vulnerabilidad social. - Disminución de la calidad de vida de las familias afectadas. - Evidencia de debilidades en la capacidad de respuesta del sistema de salud. - Limitaciones para el cumplimiento de los Objetivos de Desarrollo Sostenible relacionados con salud materna. - Discapacidad y secuelas neonatales por enfermedades congénitas.
B23: 2.4 Señale las características de la población afectada por el problema (potencial)
... B62: El presupuesto aprobado del programa asciende a RD$ 3,643,187,813.64 para el período de implementación 2027, distribuido entre los productos y actividades orientados a la reducción de la mortalidad materna y neonatal. Se detalla el costeo por producto: 5180-01-0001 Neonatos (0-28 dias de nacidos) reciben el tamizaje neonatal oportunamente RD$ 196,204,420.96 5180-01-0014 01 - Acciones Comunes P40 RD$ 1,425,305,241.57 09 - Gestantes reciben servicios de consulta prenatal RD$ 333,332,514,.90 10 - Gestantes reciben servicio de atención al parto (normal y complicado) RD$ 18,502,905.11 05 - Gestantes y puérperas reciben diagnóstico y tratamiento oportuno preventivo a sepsis neonatal temprana RD$ 106,003,890.00 12 - Neonatos (0-28 días de nacidos) reciben servicio de atención oportuna (normal y complicados) RD$ 23,363,483.03 Neonatos (0-28 días de nacidos) reciben el tamizaje neonatal oportunamente RD$ 80,344,139.85 5180-01-0015 00 - Acciones que no generan producción P40 RD$ 1,049,608,355.65 13 - Gestantes reciben servicios de consulta prenatal de calidad RD$ 29,980,997.25 14 - Gestantes reciben servicio de atención al parto (normal y complicado) RD$ 4,712,340.52 15 - Gestantes y puérperas reciben diagnóstico oportuno y tratamiento preventivo de sepsis neonatal RD$ 42,273,863.84 16 - Neonatos (0-28 días de nacidos) reciben servicio de atención oportuna (normal y complicados) RD$ 137,351,240.00 Neonatos (0-28 dias de nacidos) reciben el tamizaje neonatal oportunamente RD$ 196,204,420.96

Sheet Ficha 2
B2: Ficha 2: Criterios evaluativos
B4: 1. Pertinencia | G4: =IFERROR(IF(COUNTIFS($G$6:$G$15,"N/A")=COUNTA($B$6:$E$15),"N/A",SUM($G$6:$G$15)/(COUNTIFS($G$6:$G$15,"<>N/A",$G$6:$G$15,"<>"&"")*4)),"No evaluado") -> 0.95 | H4: =IF($G4="No evaluado","",IF($G4="N/A","",IF($G4>=0.8,"Muy bueno",IF($G4>=0.6,"Bueno",IF($G4>=0.4,"Regular",IF($G4>=0,"Malo",)))))) -> Muy bueno
B6: 1.1 ¿El modelo explicativo reúne efectivamente las principales o más relevantes causas del problema?
B7: El programa cuenta con un modelo explicativo y un diagnóstico que identifican las principales causas asociadas a la mortalidad materna y neonatal. Entre las causas priorizadas se encuentran: - hemorragias obstétricas, - trastornos hipertensivos del embarazo, - infecciones maternas y neonatales, - complicaciones del aborto, - enfermedades preexistentes agravadas durante el embarazo, - prematuridad, - asfixia neonatal, - y debilidades en el acceso oportuno y calidad de los servicios de salud. Asimismo, el programa incorpora matrices causales, camino causal crítico y priorización epidemiológica que permiten identificar las causas más relevantes y su relación con la condición de interés. La información utilizada proviene de fuentes recientes y confiables, tales como: - Organización Mundial de la Salud (OMS), Organización Panamericana de la Salud (OPS), UNICEF, SINAVE, RIESS, auditorías de mortalidad materna y neonatal, y literatura científica especializada. Las causas identificadas son pertinentes y coherentes con la problemática abordada, permitiendo explicar adecuadamente el problema público que da origen al programa. | G7: 4 | J7: 0 • El programa no cuenta con un modelo explicativo o este no cumple con todos los criterios correspondientes a la puntuación 1. 1 • El programa cuenta con un modelo explicativo, • El modelo no explica las causas del problema. 2 • El programa cuenta con un modelo explicativo, • El modelo explica las causas del problema, pero no las más relevantes. 3 • El programa cuenta con un modelo explicativo, • El modelo explica las causas más relevantes del problema. 4 • El programa cuenta con un modelo explicativo, • El modelo explica las causas más relevantes del problema, • La información proviene de fuentes recientes y confiables.
B8: 1.2 ¿La información que se aporta en el diagnóstico permite explicar las relaciones de causa-efecto?
B9: El programa cuenta con un diagnóstico que explica las principales relaciones de causa-efecto asociadas a la mortalidad materna y neonatal. Entre las principales causas identificadas se encuentran: - hemorragias obstétricas, - trastornos hipertensivos del embarazo, - infecciones maternas y neonatales, - complicaciones del aborto, - enfermedades preexistentes agravadas durante el embarazo, - acceso limitado o tardío a controles prenatales, y debilidades en la atención oportuna de emergencias obstétricas y neonatales. Asimismo, el diagnóstico identifica efectos relevantes derivados de la problemática, tales como: - incremento de la mortalidad neonatal e infantil, - afectación del bienestar familiar y social, - aumento de la vulnerabilidad y desigualdad social, - disminución de la calidad de vida de las familias, - y limitaciones en la capacidad de respuesta del sistema de salud. La documentación incorpora además un modelo explicativo, matrices causales y un camino causal crítico que permiten relacionar las deficiencias en la atención prenatal, parto, puerperio y atención neonatal con la ocurrencia de muertes prevenibles y complicaciones materno-neonatales. El programa establece un mecanismo de revisión y actualización del diagnóstico cada tres años, o antes cuando se produzcan cambios relevantes en el perfil epidemiológico, la evidencia científica o la política pública del sector salud. Este plazo permitirá incorporar nueva información sobre mortalidad materna y neonatal, evaluar la efectividad de las intervenciones y realizar los ajustes necesarios para mantener la pertinencia del programa. | G9: 4 | J9: 0 • El programa no cuenta con un diagnóstico del problema al que atiende o este no cumple con todos los criterios correspondientes a la puntuación 1. 1 • El programa cuenta con un diagnóstico del problema al que atiende, • El diagnóstico no explica todas las relaciones causa-efecto. 2 • El programa cuenta con un diagnóstico del problema al que atiende, • El diagnóstico explica todas las causas del problema, pero no todos sus efectos, o todos los efectos, pero no todas las causas. 3 • El programa cuenta con un diagnóstico del problema al que atiende, • El diagnóstico explica todas las relaciones de causa-efecto. 4 • El programa cuenta con un diagnóstico del problema al que atiende, • El diagnóstico explica todas las relaciones de causa-efecto, • El programa señala un plazo para la revisión y actualización de su diagnóstico en algún documento.
B10: 1.3 ¿La intervención que supone el programa se hace a nivel de las causas del problema señaladas en el diagnóstico?
B11: "Las intervenciones propuestas por el programa responden directamente a las principales causas identificadas en el diagnóstico de mortalidad materna y neonatal. Entre las principales intervenciones se encuentran: - servicios de consulta prenatal de calidad, - atención especializada del parto normal y complicado, - manejo oportuno de emergencias obstétricas, - atención neonatal especializada, - seguimiento a gestantes, puérperas y recién nacidos, - tamizaje neonatal, - y diagnóstico y tratamiento preventivo de sepsis neonatal. Estas intervenciones guardan relación directa con causas priorizadas como: - trastornos hipertensivos del embarazo, - hemorragias obstétricas, - infecciones perinatales, - prematuridad, - sepsis neonatal, - y dificultades de acceso oportuno a servicios especializados. Asimismo, el programa incorpora evidencia nacional e internacional que sustenta la efectividad de las intervenciones propuestas, incluyendo referencias de: OMS, OPS, UNICEF, guías clínicas nacionales, auditorías de mortalidad materna y neonatal, y literatura científica especializada. La evidencia consultada señala efectos positivos asociados a: - controles prenatales oportunos, - atención obstétrica especializada, - tamizaje neonatal, - seguimiento neonatal, - y fortalecimiento de la atención continua materno-neonatal para reducir complicaciones y muertes prevenibles. No obstante, aunque se presentan fundamentos técnicos y evidencia científica sobre la efectividad de las intervenciones, no se desarrolla de manera explícita un análisis comparativo formal que demuestre que las intervenciones seleccionadas son más eficaces que otras alternativas posibles. | G11: 3 | J11: 0 • La intervención que supone el programa no se hace a nivel de las causas del problema señaladas en el diagnóstico o este no cumple con todos los criterios correspondientes a la puntuación 1. 1 • La intervención que supone el programa se hace a nivel de las causas del problema señaladas en el diagnóstico, • La intervención por realizar no está desarrollada de forma específica y clara. 2 • La intervención que supone el programa se hace a nivel de las causas del problema señaladas en el diagnóstico, • La intervención por realizar está desarrollada de forma específica y clara. 3 • La intervención que supone el programa se hace a nivel de las causas del problema señaladas en el diagnóstico, • La intervención por realizar está desarrollada de forma específica y clara, • Existe(n) evidencia(s) (local, nacional o internacional) de los efectos positivos atribuibles a los beneficios o los apoyos otorgados a la población objetivo descritos en la intervención del programa. 4 • La intervención que supone el programa se hace a nivel de las causas del problema señaladas en el diagnóstico, • La intervención por realizar está desarrollada de forma específica y clara, • Existe(n) evidencia(s) (local, nacional o internacional) de los efectos positivos atribuibles a los beneficios o los apoyos otorgados a la población objetivo descritos en la intervención del programa, • Existe(n) evidencia(s) (nacional o internacional) de que la intervención es más eficaz para atender la problemática que otras alternativas.
B12: 1.4 ¿El resultado final o finalidad del programa da cuenta de una solución o mitigación del problema o necesidad detectada en el diagnóstico?
B13: El programa establece como finalidad contribuir a la reducción de la mortalidad materna y neonatal mediante el fortalecimiento de los servicios de salud materno-neonatal y la atención oportuna e integral a gestantes, puérperas y recién nacidos. La dirección del cambio esperado responde directamente a la mitigación del problema identificado en el diagnóstico. Asimismo, el resultado final incorpora: - la población objetivo sobre la cual se reflejará el cambio, - la magnitud esperada mediante indicadores de mortalidad materna y neonatal con línea base y metas definidas, - y el período de cumplimiento programado al 2030. La formulación del resultado final es clara, específica y coherente con: - la problemática identificada, - las intervenciones priorizadas, - y los objetivos estratégicos de salud pública y desarrollo nacional. | G13: 4 | J13: 0 • No fue establecido un resultado final o finalidad del programa o este no cumple con todos los criterios correspondientes a la puntuación 1. 1 • La redacción del resultado final o finalidad del programa indica una solución o mitigación del problema o necesidad detectada en el diagnóstico, es decir, la dirección del cambio es el esperado según el problema o necesidad y se incluye la situación específica que estaría cambiando. • La redacción incluye 1 de las siguientes características: (i) la población objetivo en quien se reflejará el cambio, (ii) la magnitud del cambio esperado, con línea base y meta, (iii) el periodo en que se logrará el cambio, con año base y meta. 2 • La redacción del resultado final o finalidad del programa indica una solución o mitigación del problema o necesidad detectada en el diagnóstico, es decir, la dirección del cambio es el esperado según el problema o necesidad y se incluye la situación específica que estaría cambiando. • La redacción incluye 2 de las siguientes características: (i) la población objetivo en quien se reflejará el cambio, (ii) la magnitud del cambio esperado, con línea base y meta, (iii) el periodo en que se logrará el cambio, con año base y meta. 3 • La redacción del resultado final o finalidad del programa indica una solución o mitigación del problema o necesidad detectada en el diagnóstico, es decir, la dirección del cambio es el esperado según el problema o necesidad y se incluye la situación específica que estaría cambiando. • La redacción incluye las siguientes 3 características: (i) la población objetivo en quien se reflejará el cambio, (ii) la magnitud del cambio esperado, con línea base y meta, (iii) el periodo en que se logrará el cambio, con año base y meta. 4 • La redacción del resultado final o finalidad del programa indica una solución o mitigación del problema o necesidad detectada en el diagnóstico, es decir, la dirección del cambio es el esperado según el problema o necesidad y se incluye la situación específica que estaría cambiando. • La redacción incluye las siguientes 3 características: (i) la población objetivo en quien se reflejará el cambio, (ii) la magnitud del cambio esperado, con línea base y meta, (iii) el periodo en que se logrará el cambio, con año base y meta. • El resultado final o finalidad del programa está claramente especificado, es decir, no existe ambigüedad en su redacción.
B14: 1.5 ¿Las actividades del programa son adecuadas al perfil de los beneficiarios y la localidad en que habitan? | J14: 0 • No fue establecido un resultado final o finalidad del programa o este no cumple con todos los criterios correspondientes a la puntuación 1. 1 • La redacción del resultado final o finalidad del programa indica una solución o mitigación del problema o necesidad detectada en el diagnóstico, es decir, la dirección del cambio es el esperado según el problema o necesidad y se incluye la situación específica que estaría cambiando. • La redacción incluye 1 de las siguientes características: (i) la población objetivo en quien se reflejará el cambio, (ii) la magnitud del cambio esperado, con línea base y meta, (iii) el periodo en que se logrará el cambio, con año base y meta. 2 • La redacción del resultado final o finalidad del programa indica una solución o mitigación del problema o necesidad detectada en el diagnóstico, es decir, la dirección del cambio es el esperado según el problema o necesidad y se incluye la situación específica que estaría cambiando. • La redacción incluye 2 de las siguientes características: (i) la población objetivo en quien se reflejará el cambio, (ii) la magnitud del cambio esperado, con línea base y meta, (iii) el periodo en que se logrará el cambio, con año base y meta. 3 • La redacción del resultado final o finalidad del programa indica una solución o mitigación del problema o necesidad detectada en el diagnóstico, es decir, la dirección del cambio es el esperado según el problema o necesidad y se incluye la situación específica que estaría cambiando. • La redacción incluye las siguientes 3 características: (i) la población objetivo en quien se reflejará el cambio, (ii) la magnitud del cambio esperado, con línea base y meta, (iii) el periodo en que se logrará el cambio, con año base y meta. 4 • La redacción del resultado final o finalidad del programa indica una solución o mitigación del problema o necesidad detectada en el diagnóstico, es decir, la dirección del cambio es el esperado según el problema o necesidad y se incluye la situación específica que estaría cambiando. • La redacción incluye las siguientes 3 características: (i) la población objetivo en quien se reflejará el cambio, (ii) la magnitud del cambio esperado, con línea base y meta, (iii) el periodo en que se logrará el cambio, con año base y meta. • El resultado final o finalidad del programa está claramente especificado, es decir, no existe ambigüedad en su redacción.
B15: Las actividades del programa son consistentes con el perfil de la población beneficiaria y con la problemática identificada en el diagnóstico. La población objetivo está conformada principalmente por: - gestantes, - parturientas, - puérperas, - recién nacidos, - neonatos prematuros o con bajo peso, y población en condiciones de vulnerabilidad social y riesgo obstétrico y neonatal. Las principales actividades del programa incluyen: - controles prenatales integrales, - identificación y seguimiento de embarazos de alto riesgo, - atención especializada del parto normal y complicado, - manejo de emergencias obstétricas, - atención neonatal especializada, - tamizaje neonatal, - diagnóstico y tratamiento preventivo de infecciones y sepsis neonatal, - acompañamiento y seguimiento postparto, - y monitoreo clínico de recién nacidos. Estas actividades son pertinentes para responder a las principales causas de morbimortalidad materna y neonatal identificadas en el diagnóstico, tales como: - trastornos hipertensivos, - hemorragias obstétricas, - infecciones perinatales, - prematuridad, - y deficiencias en el acceso oportuno a servicios especializados. Además, el programa prioriza maternidades y hospitales de referencia ubicados en territorios con alta concentración de partos y población vulnerable, garantizando coherencia entre: - el diagnóstico del problema, - el perfil de los beneficiarios, - la localidad donde habitan, - y las actividades programadas. Las actividades también son congruentes con el diseño del programa, el modelo causal y las intervenciones priorizadas para reducir la mortalidad materna y neonatal. | G15: 4 | J15: 0 • No hay información sobre el perfil de los beneficiarios o este no cumple con todos los criterios correspondientes a la puntuación 1. 1 • Las características de los beneficiarios están descritas de forma incompleta. • Las actividades del programa son adecuadas al perfil definido de los beneficiarios, pero no a la localidad en la que habitan. 2 • Las características de los beneficiarios están descritas de forma incompleta. • Las actividades del programa son adecuadas al perfil definido de los beneficiarios y la localidad en la que habitan. 3 • Las características de los beneficiarios están claramente descritas, • Las actividades del programa son adecuadas al perfil de los beneficiarios y la localidad en la que habitan. 4 • Las características de los beneficiarios están claramente descritas, • Las actividades del programa son adecuadas al perfil de los beneficiarios y la localidad en la que habitan, • Las actividades del programa son congruentes con el diseño y diagnóstico del problema.
B17: 2. Coherencia | G17: =IFERROR(IF(COUNTIFS($G$21:$G$39,"N/A")=COUNTA($B$21:$E$32,$B$36:$E$39),"N/A",SUM($G$21:$G$39)/(COUNTIFS($G$21:$G$39,"<>N/A",$G$21:$G$39,"<>"&"")*4)),"No evaluado") -> 0.9375 | H17: =IF($G17="No evaluado","",IF($G17="N/A","",IF($G17>=0.8,"Muy bueno",IF($G17>=0.6,"Bueno",IF($G17>=0.4,"Regular",IF($G17>=0,"Malo",)))))) -> Muy bueno
B19: 2.1 Coherencia interna
B21: 2.1.1 ¿Las actividades junto con los supuestos a nivel de actividades crean las condiciones necesarias y suficientes para lograr los productos propuestos por el programa?
B22: Si. Todos los productos cuentan con actividades claramente definidas y directamente relacionadas con la entrega del producto correspondiente. Asimismo, los supuestos a nivel de actividades guardan coherencia con las condiciones operativas necesarias para ejecutar dichas actividades. Las actividades descritas permiten operacionalizar adecuadamente cada producto, incluyendo identificación de los casos, diagnóstico, administración y tratamiento, monitoreo, seguimiento clinico y acompañamiento. De igual forma, los supuestos identificados son pertinentes y suficientes para garantizar la ejecución de las actividades previstas. Oportunidades de mejora identificadas: Aunque las actividades son pertinentes y suficientes, se identifican oportunidades de fortalecimiento relacionadas con: Incorporar actividades más explícitas de educación comunitaria y seguimiento domiciliario temprano para aumentar adherencia al control prenatal y neonatal. Fortalecer actividades de coordinación interinstitucional y referencia/contrarreferencia para casos de alta complejidad. Incluir mecanismos sistemáticos de supervisión de calidad y monitoreo del cumplimiento de protocolos clínicos. Reforzar estrategias preventivas ante retrasos en compras, rotación de personal o sobrecarga de servicios, debido a que estos factores podrían afectar la continuidad operativa de algunas actividades. | G22: 4 | J22: 0 • Los productos del programa no cuentan con actividades y supuestos de actividades o este no cumple con todos los criterios correspondientes a la puntuación 1. 1 • Cada producto del programa cuenta con actividades y supuestos de actividades, • Solamente del 0 al 49% de las actividades planteadas son necesarias para lograr los productos del programa; el resto es prescindible. 2 • Cada producto del programa cuenta con actividades y supuestos de actividades, • Las actividades junto con los supuestos crean las condiciones para lograr los productos del programa, • Solamente del 50 al 69% de las actividades planteadas son necesarias para lograr los productos del programa; el resto es prescindible. 3 • Cada producto del programa cuenta con actividades y supuestos de actividades, • Las actividades junto con los supuestos crean las condiciones para lograr los productos del programa, • Solamente del 70 al 84% de las actividades planteadas son necesarias para lograr los productos del programa; el resto es prescindible. 4 • Cada producto del programa cuenta con actividades y supuestos de actividades, • Las actividades junto con los supuestos crean las condiciones para lograr los productos del programa, • Solamente del 85 al 100% de las actividades planteadas son necesarias para lograr los productos del programa.
B23: 2.1.2 ¿Los productos junto con los supuestos a nivel de producto crean las condiciones necesarias y suficientes para lograr el resultado inmediato o propósito buscado?
B24: Los productos y los supuestos planteados crean las condiciones necesarias y suficientes para el logro del resultado inmediato. De igual forma, los supuestos planteados son pertinentes y coherentes con cada producto, considerando aspectos como disponibilidad de personal capacitado, continuidad del financiamiento, abastecimiento de medicamentos e insumos, funcionamiento de laboratorios y equipos, adherencia de las usuarias al seguimiento clínico y funcionamiento adecuado de los mecanismos de referencia y contrarreferencia. Resultado inmediato 1: Mejorar el acceso y oportunidad de la atención perinatal y neonatal, Hospital Maternidad Nuestra Señora de La Altagracia Resultado inmediato 2: Mejorar el acceso y oportunidad de la atención perinatal y neonatal, Hospital Materno Infantil San Lorenzo de Los Mina Supuesto: Los establecimientos de salud mantienen disponibilidad continua de personal capacitado, insumos, medicamentos y equipos esenciales para la atención perinatal y neonatal. Los recién nacidos acceden a servicios oportunos de atención perinatal en la red pública de salud. Resultado inmediato 3: Fortalecer la detección temprana de condiciones neonatales, congénitas y metabólicas Supuesto: Los padres o cuidadores autorizan y participan oportunamente en la realización de las pruebas de tamizaje neonatal y en el seguimiento de los casos identificados. Los establecimientos de salud cuentan con disponibilidad continua de pruebas diagnósticas, insumos y capacidad de laboratorio para la detección oportuna de condiciones congénitas y metabólicas. Producto: Neonatos reciben servicios de tamizaje básico a enfermedades congénitas y metabólicas Supuesto: Madre, padre o tutor lleve al recien nacido al centro y otorge el consentimiento informado para realizar el tamizaje. Observación: No todos los productos están relacionados al resultado inmediato al que corresponden. | G24: 2 | J24: 0 • El resultado inmediato no cuenta con productos y supuestos de productos para ser logrado o este no cumple con todos los criterios correspondientes a la puntuación 1. 1 • Cada resultado inmediato cuenta con productos y supuestos de productos, • No todos los supuestos están relacionados con los productos a los que corresponden. 2 • Cada resultado inmediato cuenta con productos y supuestos de productos, • Todos los supuestos están relacionados con los productos a los que corresponden, • No todos los productos están relacionados al resultado inmediato al que corresponden. 3 • Cada resultado inmediato cuenta con productos y supuestos de productos, • Todos los supuestos están relacionados con los productos a los que corresponden, • Todos los productos están relacionados al resultado inmediato al que corresponden, • Los productos y los supuestos planteados no crean las condiciones necesarias y suficientes para el logro del resultado inmediato. 4 • Cada resultado inmediato cuenta con productos y supuestos de productos, • Todos los supuestos están relacionados con los productos a los que corresponden, • Todos los productos están relacionados al resultado inmediato al que corresponden, • Los productos y los supuestos planteados crean las condiciones necesarias y suficientes para el logro del resultado inmediato.
B25: 2.1.3 ¿El resultado inmediato o propósito junto con los supuestos a nivel de resultado inmediato o propósito crean las condiciones necesarias y suficientes para alcanzar el resultado final o finalidad propuesto?
B26: Si, los resultados inmediatos e intermedios definidos presentan una relación directa y coherente con los resultados finales orientados a la reducción de la mortalidad materna y neonatal a nivel nacional. Las intervenciones priorizadas abordan las principales causas de morbilidad materna y neonatal, incluyendo trastornos hipertensivos del embarazo, hemorragias obstétricas, sepsis materna y neonatal, asfixia, síndrome de dificultad respiratoria y prematuridad. Asimismo, los supuestos planteados guardan correspondencia con las condiciones necesarias para alcanzar los resultados finales, tales como disponibilidad continua de personal especializado, funcionamiento de unidades neonatales, acceso oportuno al control prenatal, abastecimiento de medicamentos e insumos críticos, aplicación de protocolos clínicos, funcionamiento de la referencia y contrarreferencia y fortalecimiento de la capacidad resolutiva de los centros priorizados. De igual forma, se evidencia articulación entre los resultados inmediatos, intermedios y finales, permitiendo que las acciones de prevención, diagnóstico temprano, tratamiento oportuno y seguimiento materno-neonatal contribuyan integralmente a la disminución de la mortalidad materna y neonatal y al fortalecimiento del diagnóstico temprano de enfermedades congénitas y metabólicas. Resultado inmediato 1: Mejorar el acceso y oportunidad de la atención perinatal y neonatal, Hospital Maternidad Nuestra Señora de La Altagracia Resultado inmediato 2: Mejorar el acceso y oportunidad de la atención perinatal y neonatal, Hospital Materno Infantil San Lorenzo de Los Mina Supuesto: Los establecimientos de salud mantienen disponibilidad continua de personal capacitado, insumos, medicamentos y equipos esenciales para la atención perinatal y neonatal. Los recién nacidos acceden a servicios oportunos de atención perinatal en la red pública de salud. Resultado inmediato 3: Fortalecer la detección temprana de condiciones neonatales, congénitas y metabólicas Supuesto: Los padres o cuidadores autorizan y participan oportunamente en la realización de las pruebas de tamizaje neonatal y en el seguimiento de los casos identificados. Los establecimientos de salud cuentan con disponibilidad continua de pruebas diagnósticas, insumos y capacidad de laboratorio para la detección oportuna de condiciones congénitas y metabólicas. | G26: 4 | J26: 0 • El resultado final no cuenta con un resultado inmediato y supuestos de resultados inmediatos para ser logrado o este no cumple con todos los criterios correspondientes a la puntuación 1. 1 • Cada resultado inmediato cuenta con supuestos definidos, • No todos los supuestos están relacionados con el resultado inmediato a los que corresponden. 2 • Cada resultado inmediato cuenta con supuestos definidos, • Todos los supuestos están relacionados con el resultado inmediato a los que corresponden, • No todos los resultados inmediatos están relacionados al resultado final al que corresponden. 3 • Cada resultado inmediato cuenta con supuestos definidos, • Todos los supuestos están relacionados con el resultado inmediato a los que corresponden, • Todos los resultados inmediatos están relacionados al resultado final al que corresponden, • Los resultados inmediatos y los supuestos planteados no crean las condiciones necesarias y suficientes para el logro del resultado final. 4 • Cada resultado inmediato cuenta con supuestos definidos, • Todos los supuestos están relacionados con el resultado inmediato a los que corresponden, • Todos los resultados inmediatos están relacionados al resultado final al que corresponden, • Los resultados inmediatos y los supuestos planteados crean las condiciones necesarias y suficientes para el logro del resultado final.
B27: 2.1.4 En relación con el resultado final o finalidad, ¿corresponde lógicamente la operacionalización horizontal (indicadores, metas, fuentes de verificación)?
B28: Sí, la operacionalización horizontal del resultado final corresponde lógicamente. El resultado final del programa está orientado a la reducción de la mortalidad materna y neonatal y cuenta con indicadores para medir la razón de mortalidad materna y la tasa de mortalidad neonatal, metas definidas para el período 2027-2030 y medios de verificación sustentados en los registros y sistemas oficiales de información en salud. Durante la revisión se verificó que estos elementos mantienen correspondencia con el resultado final y permiten dar seguimiento al avance de los indicadores y al cumplimiento de las metas. Resultado Final 1: Reducir la mortalidad materna Indicador: Razón de mortalidad materna (por cada 100,000 nacidos vivos) Linea Base: 94.00 - 2019 Resutado esperado: 87 - 2030 Medio de Verificación: Boletín Epidemiológico Semanal consolidado, publicado por la Dirección General de Epidemiología (DIGEPI), disponible en: https://epidemiologia.gob.do/documentos-epidemiologicos/boletines-epidemiologicos/. Informe de Estadísticas Vitales (Nacimientos), publicado por la Oficina Nacional de Estadística (ONE). Resultado Final 2: Reducir la mortalidad neonatal Indicador: Tasa de mortalidad neonatal (por cada 1,000 nacidos vivos) Línea Base: 13.00 - 2021 Resutado esperado: 9 - 2030 Medio de Verificación: Boletín Epidemiológico Semanal consolidado, publicado por la Dirección General de Epidemiología (DIGEPI), disponible en el portal institucional oficial. Informe de Estadísticas Vitales (Nacimientos), publicado por la Oficina Nacional de Estadística (ONE). | G28: 4 | J28: 0 • El resultado final no contiene indicadores, metas ni métodos de verificación o este no cumple con todos los criterios correspondientes a la puntuación 1. 1 • El resultado final contiene indicadores, metas y métodos de verificación, • Las variables no guardan coherencia entre sí. 2 • El resultado final contiene indicadores, metas y métodos de verificación, • Las tres variables guardan coherencia entre sí, • Alguna de las variables no guarda coherencia con el resultado final. 3 • El resultado final contiene indicadores, metas y métodos de verificación, • Las tres variables guardan coherencia entre sí, • Las tres variables guardan coherencia con el resultado final, • Los métodos de verificación no permiten obtener la información necesaria para calcular el avance de los indicadores y las metas. 4 • El resultado final contiene indicadores, metas y métodos de verificación, • Las tres variables guardan coherencia entre sí, • Las tres variables guardan coherencia con el resultado final, • Los métodos de verificación permiten obtener la información necesaria para calcular el avance de los indicadores y las metas.
B29: 2.1.5 En relación con el resultado inmediato o propósito, ¿corresponde lógicamente la operacionalización horizontal (indicadores, metas, fuentes de verificación)?
B30: Si, la operacionalización horizontal de los resultados inmediatos corresponde lógicamente, debido a que los resultados presentan indicadores, metas y métodos de verificación coherente con los propósitos establecidos y orientados al fortalecimiento de la atención neonatal y la detección temprana de enfermedades congénitas y metabólicas. Los resultados inmediatos cuentan con indicadores medibles y metas temporalmente definidas al 2030. Asimismo, las variables guardan coherencia entre sí y con los resultados inmediatos correspondientes, ya que permiten medir directamente la cobertura de consultas pediátricas perinatales y la aplicación del tamizaje neonatal en la población objetivo definida. De igual manera, los métodos de verificación identificados, tales como registros clínicos, boletines epidemiológicos, repositorio insitucionales y sistemas de información del Servicio Nacional de Salud, permiten obtener la información necesaria para calcular el avance de los indicadores y las metas establecidas. Los resultados inmediatos son: Resultado inmediato 1: Mejorar el acceso y oportunidad de la atención perinatal y neonatal, Hospital Maternidad Nuestra Señora de La Altagracia Indicador: Porcentaje de recién nacidos que reciben atención pediátrica en el período perinatal en Hospital Maternidad Nuestra Señora de La Altagracia Línea base: 78.16% 2024 Resultado esperado: 94.16% 2030 Medio de verificación: Reporte de atención neonatal del centro priorizado, generado a partir del Repositorio de Información y Estadísticas de Servicios de Salud (RIESS) Resultado inmediato 2: Mejorar el acceso y oportunidad de la atención perinatal y neonatal, Hospital Materno Infantil San Lorenzo de Los Mina Indicador: Porcentaje de recién nacidos que reciben atención pediátrica en el período perinatal en Hospital Materno Infantil San Lorenzo de Los Mina Línea base: 82.06% 2024 Resultado esperado: 94.06% 2030 Medio de Verificación: Reporte de atención neonatal del centro priorizado, generado a partir del Repositorio de Información y Estadísticas de Servicios de Salud (RIESS) Resultado inmediato 3: Fortalecer la detección temprana de condiciones neonatales, congénitas y metabólicas Indicador: Porcentaje de recién nacidos que reciben tamizaje neonatal básico Línea base: No disponible Resultado esperado: 90% 2030 Medio de Verificación: Registros clínicos del tamizaje neonatal y Repositorio del SNS Observaciones: Existen oportunidades de mejora relacionadas a la disponiblidad de información nacional sobre la incidencia y prevalencia de enfermedades metabólicas y congénitas incluidas en el tamizaje neonatal, debido a que las estimaciones actuales se sustentan parcialmente en estadísticas de países similares como Puerto Rico y Costa Rica. Aunque esta limitación no impide la medición y seguimiento del indicador, si reduce la robustez del analisis de tendencia y la validación de la factibilidad de las metas proyectadas a largo plazo. Se recomienda fortalecer los sistemas nacionales de información y vigilancia relacionados con tamizaje neonatal, a fin de disponer de líneas base y estadisticas nacionales propias que permitan mejorar la trazabilidad y sostenibilidad del monitoreo del indicador. | G30: 4 | J30: 0 • Alguno de los resultados inmediatos no contiene indicadores, metas ni métodos de verificación o este no cumple con todos los criterios correspondientes a la puntuación 1. 1 • El o los resultados inmediatos contienen indicadores, metas y métodos de verificación, • Las variables no guardan coherencia entre sí. 2 • El o los resultados inmediatos contienen indicadores, metas y métodos de verificación, • Las variables no guardan coherencia entre sí, • Alguna de las variables no guarda coherencia con el resultado inmediato al que corresponde. 3 • El o los resultados inmediatos contienen indicadores, metas y métodos de verificación, • Las variables guardan coherencia entre sí, • Las tres variables guardan coherencia con el resultado inmediato al que corresponde, • Los métodos de verificación no permiten obtener la información necesaria para calcular el avance de los indicadores y las metas. 4 • El o los resultados inmediatos contienen indicadores, metas y métodos de verificación, • Las variables guardan coherencia entre sí, • Las tres variables guardan coherencia con el resultado inmediato al que corresponde, • Los métodos de verificación permiten obtener la información necesaria para calcular el avance de los indicadores y las metas.
B31: 2.1.6 En relación con los productos, ¿corresponde lógicamente la operacionalización horizontal (indicadores, metas, fuentes de verificación)?
B32: Si, la operacionalización horizontal de los productos corresponde lógicamente, debido a que todos los productos presentan indicadores, metas y métodos de verificación coherentes con los bienes y servicios ofrecidos y con los resultados asociados. Las variables guardan coherencia entre sí para cada producto, debido a que los indicadores se relacionan directamente con la población beneficiaria, los bienes y servicios entregados y las actividades definidas para su ejecución. Asimismo, las variables guardan coherencia con el producto correspondiente, ya que permiten medir la prestación efectiva de servicios maternos, neonatales y de tamizaje establecidos en el programa. Producto: 7395-Gestantes reciben servicios de consulta prenatal Indicador: Número de gestantes que reciben consulta prenatal Metas: 18,346 para el 2025 a 22,497 en el 2030 Producto: 7398-Gestantes reciben diagnóstico oportuno para la prevención de sepsis neonatal Indicador: Número de gestantes con pruebas de detección de estreptococos del grupo B Metas: 4,328 para el 2025 a 5,261 en el 2030 Producto: 7812-Gestantes reciben servicio de atención al parto (normal y complicado) Indicador: Número de gestantes atendidas por parto normal y/o complicado Metas: 4,729 para el 2025 a 5,748 en el 2030 Producto: 7813-Neonatos (0-28 días de nacidos) reciben servicio de atención oportuna (normal y complicados) Indicador: Número de neonatos (0–28 días) normales y con complicaciones que reciben atención neonatal Metas: 4,697 para el 2025 a 5,709 en el 2030 Producto: 7814-Gestantes reciben servicios de consulta prenatal Indicador: Número de gestantes que reciben consulta prenatal Metas: 22,363 para el 2025 a 27,182 en el 2030 Producto: 7815-Gestantes reciben servicio de atención al parto (normal y complicado) Indicador: Número de gestantes atendidas por parto normal y/o complicado Metas: 4,661 para el 2025 a 5,665 en el 2030 Producto: 7816-Gestantes reciben diagnóstico oportuno para la prevención de sepsis neonatal Indicador: Número de gestantes con pruebas de detección de estreptococos del grupo B Metas: 2,653 para el 2025 a 3,225 en el 2030 Producto: 7817-Neonatos (0-28 días de nacidos) reciben servicio de atención oportuna (normal y complicados) Indicador: Número de neonatos (0–28 días) normales y con complicaciones que reciben atención neonatal Metas: 4,654 para el 2025 a 5,657 en el 2030 Producto nuevo: Neonatos reciben servicios de tamizaje básico a enfermedades congénitas y metabólicas Indicador: Número total de recién nacidos tamizados dentro de los primeros 28 días de vida UE 5180-01-0001, Metas: N/D para el 2025 a 22,497 en el 2030 5180-01-0014, Metas: N/D para el 2025 a 3,554 en el 2030 5180-01-0015, Metas: N/D para el 2025 a 3,598 en el 2030 Observaciones: Se identifican riesgos operativos recurrentes asociados al retraso en contratación de personal y retrasos en procesos de compra, los cuales podrian afectar la continuidad y oportunidad de la entrega de los servicios. Adicionalmente se identifican productos programados con una temporalidad que excede el período de vigencia del programa, por lo que se recomienda evaluar su permanencia y considerar su exclusión del costeo plurianual. | G32: 4 | J32: 0 • Alguno de los productos no contiene indicadores, metas ni métodos de verificación o este no cumple con todos los criterios correspondientes a la puntuación 1. 1 • Todos los productos contienen indicadores, metas y métodos de verificación, • Las variables de algunos de los productos no guardan coherencia entre sí. 2 • Todos los productos contienen indicadores, metas y métodos de verificación, • Las variables guardan coherencia entre sí para cada uno de los productos, • Alguna de las variables no guarda coherencia con el producto al que corresponde. 3 • Todos los productos contienen indicadores, metas y métodos de verificación, • Las variables guardan coherencia entre sí para cada uno de los productos, • Las tres variables guardan coherencia con el producto al que corresponden, • Los métodos de verificación no permiten obtener la información necesaria para calcular el avance de los indicadores y las metas. 4 • Todos los productos contienen indicadores, metas y métodos de verificación, • Las variables guardan coherencia entre sí para cada uno de los productos, • Las tres variables guardan coherencia con el producto al que corresponden, • Los métodos de verificación permiten obtener la información necesaria para calcular el avance de los indicadores y las metas.
B34: 2.1 Coherencia externa
B36: 2.2.1 ¿La propuesta programática es coherente con políticas públicas específicas y generales que orientan la acción pública?
B37: La propuesta programática de Salud Materno Neonatal es coherente con políticas públicas generales y especificas orientadas a reducir la mortalidad materna y neonatal, fortalecer la calidad de los servicios de salud y disminuir la brechas de acceso. Entre estas se encuentran la Estrategia Nacional de Desarrollo 2030 (Ley 1-12), el Plan Nacional Plurianual del Sector Público, las políticas sectoriales del Ministerio de Salud Pública y del Servicio Nacional de Salud, el Plan Estratégico Institucional del SNS y los Objetivos de Desarrollo Sostenible, especialmente los ODS 3, 5 y 10. Estas politicas guardan relación directa con el problema identificado, debido a que priorizan la reducción de muertes evitables, el fortalecimiento de la atención materno - neonatal y la ampliación de cobertura y calidad de los servicios de salud. Los productos y actividades planteados son coherentes con la naturaleza institucional del Servicio Nacional de Salud y las maternidades priorizadas, ya que corresponden a funciones propias de prestación de servicios materno y neonatales, incluyendo consultas prenatales, atención al parto, atención neonatal, prevención de sepsis y tamizaje neonatal. | G37: 4 | J37: 0 • La propuesta programática no está relacionada con alguna política pública social o este no cumple con todos los criterios correspondientes a la puntuación 1. 1 • La propuesta programática es coherente con alguna o varias políticas públicas sociales generales y/o específicas, • La política pública con la que se relacionada la propuesta programática no guarda coherencia con el problema que se pretende resolver. 2 • La propuesta programática es coherente con alguna o varias políticas públicas sociales generales y/o específicas, • La política pública con la que se relacionada la propuesta programática guarda coherencia con el problema que se pretende resolver, • Los productos y actividades planteados en la propuesta programática no son coherentes con la naturaleza de la institución que los ejecutaría. 3 • La propuesta programática es coherente con alguna o varias políticas públicas sociales generales y/o específicas, • La política pública con la que se relacionada la propuesta programática guarda coherencia con el problema que se pretende resolver, • Los productos y actividades planteados en la propuesta programática son coherentes con la naturaleza de la institución que los ejecutaría, • La propuesta programática es susceptible a mejoras. 4 • La propuesta programática es coherente con alguna o varias políticas públicas sociales generales y/o específicas, • La política pública con la que se relaciona la propuesta programática guarda coherencia con el problema que se pretende resolver, • Los productos y actividades planteados en la propuesta programática son coherentes con la naturaleza de la institución que los ejecutaría, • La propuesta programática no necesita mejoras.
B38: 2.2.2 ¿El programa se inserta adecuadamente en el conjunto de la oferta pública, extra e intra-institucional?
B39: El programa se inserta adecuadamente en el conjunto de la oferta pública intra e interinstitucional, debido a que se realizó un análisis de la oferta vigente de bienes y servicios sustitutos y complementarios relacionados con la salud materna y neonatal. Del análisis se identifica que algunos productos presentan características semejantes a servicios ya existentes dentro de la red pública de salud, particularmente aquellos relacionados con: atención prenatal, atención del parto normal y complicado, atención neonatal, diagnóstico y prevención de sepsis. Estas similitudes se observan en aspectos como, el tipo de servicio entregado, la población beneficiaria, los establecimientos donde se prestan los servicios y la naturaleza de las intervenciones. Los productos son complementarios, no generan duplicidad, fortalecen servicios especializados dentro del SNS; el tamizaje neonatal constituye una intervención especializada incorporada para ampliar la cobertura diagnóstica. No obstante, dichos productos mantienen coherencia con la naturaleza institucional de las entidades ejecutoras, especialmente el Servicio Nacional de Salud y las maternidades priorizadas, debido a que corresponden a funciones propias de la prestación de servicios especializados materno-neonatales. Asimismo, el análisis evidencia la existencia de productos complementarios que fortalecen la respuesta pública desde perspectiva diferenciadas, particularmente: El Programa de Tamizaje Neonatal de Enfermedades Congénitas y el fortalecimiento de la red hospitalaria para tamizaje prenatal, los cuales amplían capacidades diagnósticas y de detección temprana dentro de la red pública. Adicionalmente, la propuesta incorpora enfoques de priorización por riesgo, seguimiento diferenciado y fortalecimiento del modelo prescriptivo, elementos que permiten complementar y fortalecer la oferta existente sin sustituir completamente otros servicios ya implementados. | G39: 4 | J39: 0 • No se cuenta con un análisis de la oferta relacionada con el programa o este no cumple con todos los criterios correspondientes a la puntuación 1. 1 • Se analizó la oferta pública vigente de bienes y servicios sustitutos y complementarios de los ofrecidos por el programa, • Todos los productos ofrecidos por el programa se encuentran repetidos y son ofrecidos mediante otros programas. 2 • Se analizó la oferta pública vigente de bienes y servicios sustitutos y complementarios de los ofrecidos por el programa, • Algunos de los productos ofrecidos por el programa se encuentran repetidos y son ofrecidos mediante otros programas, • Al menos uno de los productos repetidos es coherente con la naturaleza de la institución que los ejecutaría en el programa evaluado. 3 • Se analizó la oferta pública vigente de bienes y servicios sustitutos y complementarios de los ofrecidos por el programa, • Algunos de los productos ofrecidos por el programa se encuentran repetidos y son ofrecidos mediante otros programas, • Todos los productos repetidos son coherentes con la naturaleza de la institución que los ejecutaría en el programa evaluado. 4 • Se analizó la oferta pública vigente de bienes y servicios sustitutos y complementarios de los ofrecidos por el programa, • Ninguno de los productos ofrecidos por el programa se encuentra repetido ni es ofrecido mediante otros programas. • Si hay algún producto repetido, este es coherente con la naturaleza de la institución que los ejecutaría en el programa evaluado y se eliminará el duplicado en otras instituciones.
B41: 3. Eficiencia | G41: =IFERROR(IF(COUNTIFS($G$43:$G$50,"N/A")=COUNTA($B$43:$E$50),"N/A",SUM($G$43:$G$50)/(COUNTIFS($G$43:$G$50,"<>N/A",$G$43:$G$50,"<>"&"")*4)),"No evaluado") -> 0.6875 | H41: =IF($G41="No evaluado","",IF($G41="N/A","",IF($G41>=0.8,"Muy bueno",IF($G41>=0.6,"Bueno",IF($G41>=0.4,"Regular",IF($G41>=0,"Malo",)))))) -> Bueno
B43: 3.1 ¿El costo estimado del programa por beneficiario y/o producto es razonable o existen formas alternativas de menor costo para lograr los mismos productos?
B44: El programa cuenta con estimaciones de costos asociadas a los productos y actividades previstas para el período 2027-2030, incluyendo: - Servicios de consulta prenatal. - Diagnóstico oportuno para la prevención de sepsis neonatal. - Atención del parto normal y complicado. - Atención neonatal oportuna. - Tamizaje neonatal de enfermedades congénitas y metabólicas. Las hojas de costeo incluyen recursos relacionados con personal, insumos, equipamiento y fortalecimiento institucional vinculados a las intervenciones priorizadas del programa. Sin embargo, durante la revisión se identificaron observaciones en algunos registros de costeo: - En varios registros se observan descripciones generales de personal, insumos y servicios, lo que dificulta identificar con claridad su relación con actividades específicas del programa. - Se identificaron algunos costos y montos considerados elevados en determinados bienes y servicios incluidos en las matrices de costeo, así como diferencias en las proyecciones entre períodos, sin visualizarse claramente los criterios utilizados para su actualización. - También se observan algunos insumos y servicios cuya relación con determinadas actividades no queda claramente evidenciada, por lo que se recomienda revisar su vinculación dentro del costeo del programa. | G44: 1 | J44: 0 • El programa no cuenta con costos estimados por beneficiario y/o productos o este no cumple con todos los criterios correspondientes a la puntuación 1. 1 • El programa cuenta con el costo estimado por beneficiario y/o producto, • Existen formas alternativas de menor costo para lograr los mismos productos o los costos por beneficiario y/o producto están sobrevaluados. 2 • El programa cuenta con el costo estimado por beneficiario y/o producto, • El costo estimado del programa por beneficiario y/o producto es razonable. 3 • El programa cuenta con el costo estimado por beneficiario y/o producto, • El costo estimado del programa por beneficiario y/o producto es razonable, • El programa cuenta con costos estimados para la producción necesaria para el logro de las metas de uno o dos años. 4 • El programa cuenta con el costo estimado por beneficiario y/o producto, • El costo estimado del programa por beneficiario y/o producto es razonable, • El programa cuenta con costos estimados para la producción necesaria para el logro de las metas de cuatro años.
B45: 3.2 ¿Los productos propuestos al costo estimado se pueden lograr en los plazos programados?
B46: Los productos del programa cuentan con períodos de ejecución programados para el período 2027-2030, incluyendo atención prenatal, atención del parto, atención neonatal, tamizaje neonatal. Se identificaron algunas situaciones que podrían afectar el cumplimiento oportuno de determinados productos. - Aunque los productos presentan períodos de ejecución definidos, no se visualiza una programación detallada de actividades que permita dar seguimiento al cumplimiento de las metas durante los períodos establecidos. - En los registros de costeo se observan diferencias en las proyecciones entre períodos, lo que dificulta relacionar con claridad algunos costos con la ejecución prevista de determinados productos. | G46: 3 | J46: 0 • Los productos no tienen plazos programados o este no cumple con todos los criterios correspondientes a la puntuación 1. 1 • Todos los productos tienen plazos programados, • No es posible lograr todos los productos en los plazos programados. 2 • Todos los productos tienen plazos programados, • Es posible lograr todos los productos en los plazos programados, • No es posible lograr todos los productos al costo estimado en los plazos programados. 3 • Todos los productos tienen plazos programados, • Es posible lograr todos los productos en los plazos programados, • Es posible lograr todos los productos al costo estimado en los plazos programados, • Los costos estimados para los plazos programados están sobrevaluados para alguno de los productos. 4 • Todos los productos tienen plazos programados, • Es posible lograr todos los productos en los plazos programados, • Es posible lograr todos los productos al costo estimado en los plazos programados, • Los costos estimados para los plazos programados son razonables para todos los productos.
B47: 3.3 ¿En qué medida el modelo de gestión favorece el uso eficiente de los recursos (insumos, procesos, etc.)?
B48: El modelo de gestión contempla la articulación entre el SNS y las maternidades priorizadas para la prestación de los servicios del programa. Asimismo, las matrices de costeo incluyen insumos, actividades y productos vinculados a atención prenatal, atención del parto, atención neonatal, tamizaje neonatal y acompañamiento a gestantes, puérperas y recién nacidos. Se observan algunas situaciones en los registros de costeo que dificultan relacionar determinados recursos con las actividades y productos programados. - En varios registros se observan descripciones generales de personal, insumos y servicios, lo que dificulta identificar con precisión su vinculación con actividades específicas del programa. - En las proyecciones plurianuales se identifican diferencias entre algunos montos programados, debido a que ciertos costos permanecen iguales entre períodos y otros presentan variaciones sin que se visualice claramente el criterio utilizado para su actualización. - Se observan algunos insumos y servicios cuya relación con determinadas actividades no resulta claramente identificable, principalmente en actividades de acompañamiento y visitas domiciliarias. - En algunos casos no se evidencia suficiente detalle sobre cantidades, frecuencia de uso y criterios utilizados para sustentar determinados montos incluidos en el costeo. | G48: 3 | J48: 0 • El costeo no incluye los insumos, actividades y productos o este no cumple con todos los criterios correspondientes a la puntuación 1. 1 • En la estimación de costos del programa se incluyen los siguientes componentes: insumos, actividades y productos, • Sólo es posible entregar el 20% de los productos en el plazo establecido con los costos estimados para dichos productos. 2 • En la estimación de costos del programa se incluyen los siguientes componentes: insumos, actividades y productos, • Sólo es posible entregar el 50% de los productos en el plazo establecido con los costos estimados para dichos productos. 3 • En la estimación de costos del programa se incluyen los siguientes componentes: insumos, actividades y productos, • Sólo es posible entregar el 80% de los productos en el plazo establecido con los costos estimados para dichos productos. 4 • En la estimación de costos del programa se incluyen los siguientes componentes: insumos, actividades y productos, • Es posible entregar el 100% de los productos en el plazo establecido con los costos estimados para dichos productos. | K48: 0 • El costeo no incluye los insumos, actividades y productos o este no cumple con todos los criterios correspondientes a la puntuación 1. 1 • En la estimación de costos del programa se incluyen los siguientes componentes: insumos, actividades y productos, • Sólo es posible entregar el 20% de los productos en el plazo establecido con los costos estimados para dichos productos. 2 • En la estimación de costos del programa se incluyen los siguientes componentes: insumos, actividades y productos, • Sólo es posible entregar el 50% de los productos en el plazo establecido con los costos estimados para dichos productos. 3 • En la estimación de costos del programa se incluyen los siguientes componentes: insumos, actividades y productos, • Sólo es posible entregar el 80% de los productos en el plazo establecido con los costos estimados para dichos productos. 4 • En la estimación de costos del programa se incluyen los siguientes componentes: insumos, actividades y productos, • Es posible entregar el 100% de los productos en el plazo establecido con los costos estimados para dichos productos.
B49: 3.4 ¿El seguimiento propuesto entregará señales oportunas para el buen funcionamiento del programa y el logro de los productos en los plazos programados?
B50: El programa contempla mecanismos de seguimiento mediante reportes periódicos y uso de sistemas oficiales de información, particularmente SINAVE y RIESS, para el monitoreo de los indicadores relacionados con mortalidad materna y neonatal. Asimismo, se identifican indicadores de proceso, producto y resultado vinculados a atención prenatal, atención del parto, atención y tamizaje neonatales, lo que permite dar seguimiento al cumplimiento de las metas programadas. La propuesta de seguimiento también incluye recolección periódica de información, supervisión en los establecimientos priorizados y análisis de resultados mediante registros clínicos, fichas de cumplimiento y reportes institucionales. Además, el seguimiento contempla elementos relacionados con procesos, actividades, cobertura y resultados, permitiendo identificar variaciones y dar seguimiento al desempeño de los productos e indicadores definidos. | G50: 4 | J50: 0 • En el seguimiento no se establecen mecanismos para la obtención oportuna de información o este no cumple con todos los criterios correspondientes a la puntuación 1. 1 • En el seguimiento propuesto se establecen mecanismos para la obtención oportuna de información, • La información obtenida a través de estos mecanismos no permitirá obtener información sobre cualquier alerta temprana. 2 • En el seguimiento propuesto se establecen mecanismos para la obtención oportuna de información, • La información obtenida a través de estos mecanismos permitirá obtener información sobre cualquier alerta temprana, • El seguimiento contempla alguna(s) de las siguientes cuatro fases: definición de indicadores, recolección de información de desempeño, reporte y difusión de información, y uso de información de desempeño. 3 • En el seguimiento propuesto se establecen mecanismos para la obtención oportuna de información, • La información obtenida a través de estos mecanismos permitirá obtener información sobre cualquier alerta temprana, • El seguimiento contempla las siguientes cuatro fases: definición de indicadores, recolección de información de desempeño, reporte y difusión de información, y uso de información de desempeño, • El seguimiento no contempla todos los elementos relevantes en la gestión: procesos, insumos, actividades, cobertura y resultados. 4 • En el seguimiento propuesto se establecen mecanismos para la obtención oportuna de información, • La información obtenida a través de estos mecanismos permitirá obtener información sobre cualquier alerta temprana, • El seguimiento contempla las siguientes cuatro fases: definición de indicadores, recolección de información de desempeño, reporte y difusión de información, y uso de información de desempeño, • El seguimiento contempla todos los elementos relevantes en la gestión: procesos, insumos, actividades, cobertura y resultados.
B51: 2 | C51: En las proyecciones plurianuales se identifican diferencias entre algunos montos programados, debido a que ciertos costos permanecen iguales entre períodos y otros presentan variaciones sin que se visualice claramente el criterio utilizado para su actualización.
B52: 4. Eficacia | G52: =IFERROR(IF(COUNTIFS($G$54:$G$63,"N/A")=COUNTA($B$54:$E$63),"N/A",SUM($G$54:$G$63)/(COUNTIFS($G$54:$G$63,"<>N/A",$G$54:$G$63,"<>"&"")*4)),"No evaluado") -> 0.85 | H52: =IF($G52="No evaluado","",IF($G52="N/A","",IF($G52>=0.8,"Muy bueno",IF($G52>=0.6,"Bueno",IF($G52>=0.4,"Regular",IF($G52>=0,"Malo",)))))) -> Muy bueno
B53: 4 | C53: En algunos casos no se evidencia suficiente detalle sobre cantidades, frecuencia de uso y criterios utilizados para sustentar determinados montos incluidos en el costeo.
B54: 4.1 ¿En qué medida el modelo de gestión permite alcanzar adecuadamente el resultado inmediato o propósito?
B55: El modelo de gestión permite alcanzar el resultado inmediato del programa, debido a que establece mecanismos de coordinación entre el Ministerio de Salud Pública (MISPAS), el Servicio Nacional de Salud (SNS), los niveles regionales y los establecimientos priorizados, garantizando la implementación, supervisión y seguimiento de las intervenciones orientadas a la reducción de la mortalidad materna y neonatal. Asimismo, el sistema de monitoreo contempla revisiones mensuales, reportes trimestrales y evaluaciones periódicas que facilitan la toma de decisiones y la ejecución oportuna de acciones correctivas. Los productos planteados, consultas prenatales de calidad, atención institucional del parto, manejo de emergencias obstétricas y neonatales, atención neonatal, tamizaje y acompañamiento a gestantes y puérperas, son necesarios para alcanzar el resultado inmediato y pueden desarrollarse dentro del plazo establecido conforme al cronograma y los mecanismos de seguimiento previstos. | G55: 3 | J55: 0 • No hay información que explique cómo el modelo de gestión permite alcanzar el resultado inmediato o este no cumple con todos los criterios correspondientes a la puntuación 1. 1 • El modelo de gestión permite alcanzar el resultado inmediato, • No todos los productos son necesarios para el logro del resultado inmediato. 2 • El modelo de gestión permite alcanzar el resultado inmediato, • Todos los productos son necesarios para el logro del resultado inmediato, • El modelo de gestión no permite alcanzar el resultado inmediato en el plazo establecido. 3 • El modelo de gestión permite alcanzar el resultado inmediato, • Todos los productos son necesarios para el logro del resultado inmediato, • El modelo de gestión permite alcanzar el resultado inmediato en el plazo establecido, • El resultado inmediato planteado no contempla los factores causales indirectos más importantes. 4 • El modelo de gestión permite alcanzar el resultado inmediato, • Todos los productos son necesarios para el logro del resultado inmediato, • El modelo de gestión permite alcanzar el resultado inmediato en el plazo establecido, • El resultado inmediato planteado contempla los factores causales indirectos más importantes.
B56: 4.2 ¿Se garantiza el logro de los productos, a través del modelo de gestión propuesto?
B57: La ejecución del Programa de Salud Materna Neonatal se desarrolla mediante un procedimiento estandarizado, sistematizado y alineado a la normativa nacional vigente, particularmente a las Normas de Atención Materna y Neonatal del Ministerio de Salud Pública y al Modelo de Atención Integral en Salud. El modelo de gestión propuesto permite alcanzar todos los productos establecidos, debido a que cuenta con mecanismos de coordinación institucional, supervisión técnica, monitoreo continuo y control de calidad que facilitan la ejecución de las intervenciones programadas. Asimismo, contempla indicadores de seguimiento, reuniones periódicas de evaluación, validación de registros clínicos y uso de sistemas de información para verificar el cumplimiento de las metas. Los productos relacionados con consultas prenatales, atención del parto, atención neonatal, manejo de emergencias obstétricas y neonatales, diagnóstico y tratamiento de sepsis, tamizaje y acompañamiento a gestantes y puérperas pueden lograrse en los plazos establecidos, ya que el programa incluye cronogramas operativos, revisiones periódicas y mecanismos de ajuste oportuno para corregir desviaciones durante la implementación. | G57: 4 | J57: 0 • No hay información que explique cómo el modelo de gestión permite el logro al menos en uno de los productos o este no cumple con todos los criterios correspondientes a la puntuación 1. 1 • El modelo de gestión permite alcanzar al menos uno de los productos propuestos. • El modelo de gestión no permite alcanzar el producto en el plazo establecido. 2 • El modelo de gestión permite alcanzar al menos uno de los productos propuestos. • El modelo de gestión permite alcanzar el producto en el plazo establecido. 3 • El modelo de gestión permite alcanzar todos los productos propuestos, • El modelo de gestión no permite alcanzar todos los productos en el plazo establecido. 4 • El modelo de gestión permite alcanzar todos los productos propuestos, • El modelo de gestión permite alcanzar todos los productos en el plazo establecido.
B58: 4.3 ¿En qué medida las actividades programadas garantizan el logro de los productos en el plazo estimado?
B59: Las actividades programadas permiten el logro de todos los productos definidos en el programa, ya que se encuentran directamente vinculadas con la prevención, detección temprana y atención oportuna de las principales causas de mortalidad materna y neonatal. Entre las actividades previstas se incluyen consultas prenatales de calidad, atención institucional del parto, manejo de emergencias obstétricas y neonatales, atención neonatal, tamizaje neonatal, diagnóstico y tratamiento de sepsis, así como acompañamiento a gestantes, puérperas y recién nacidos. Estas actividades son necesarias para la obtención de los productos programados y cuentan con mecanismos de seguimiento mediante revisiones mensuales, reuniones operativas, reportes trimestrales y herramientas de gestión como cronogramas de trabajo y Project Plan, lo cual favorece su ejecución dentro del plazo estimado. | G59: 4 | J59: 0 • Las actividades programadas no permiten el logro de al menos uno de los productos o este no cumple con todos los criterios correspondientes a la puntuación 1. 1 • Las actividades programadas permiten el logro de al menos uno de los productos. 2 • Las actividades programadas permiten el logro de todos los productos, • No todas las actividades programadas son necesarias. 3 • Las actividades programadas permiten el logro de todos los productos, • Las actividades programadas son necesarias, • Las actividades programadas no permiten el logro de todos los productos en el plazo estimado. 4 • Las actividades programadas permiten el logro de todos los productos, • Las actividades programadas son necesarias, • Las actividades programadas permiten el logro de todos los productos en el plazo estimado.
B60: 4.4 ¿En qué medida los recursos humanos requeridos que implementarán el programa dan garantías de cumplimiento de los productos?
B61: El programa establece recursos humanos especializados para la implementación de los productos relacionados con la atención prenatal, atención del parto, emergencias obstétricas y neonatales, atención neonatal, tamizaje y acompañamiento a gestantes y puérperas. Los recursos humanos incluyen equipos técnicos del MISPAS y SNS, directores regionales y provinciales, personal médico, personal de enfermería, especialistas en atención materno-neonatal y equipos de supervisión y monitoreo en los establecimientos priorizados. Los recursos humanos definidos son pertinentes y necesarios para el logro de los productos planteados, debido a que permiten garantizar la prestación directa de los servicios, la supervisión técnica, el seguimiento operativo y la gestión de la calidad. Observación: Sin embargo, la propuesta no detalla de manera específica el personal requerido por hospital ni se visualiza un análisis de brechas de recursos humanos, por lo que no es posible confirmar plenamente que las cantidades descritas en cada hospital sean suficientes para garantizar el logro de todos los productos en los plazos estimados. | G61: 2 | J61: 0 • No se establecen los recursos humanos requeridos para ninguno de los productos o este no cumple con todos los criterios correspondientes a la puntuación 1. 1 • El programa establece los recursos humanos para al menos uno de los productos. 2 • El programa establece los recursos humanos para todos los productos, • Los recursos humanos requeridos no son los necesarios para al menos uno de los productos. 3 • El programa establece los recursos humanos para todos los productos, • Los recursos humanos requeridos son los necesarios para cada uno de los productos, • Las cantidades de recursos humanos requeridos no son las suficientes para el logro de cada uno de los productos en los plazos estimados. 4 • El programa establece los recursos humanos para todos los productos, • Los recursos humanos requeridos son los necesarios para cada uno de los productos, • Las cantidades de recursos humanos requeridos son las suficientes para el logro de cada uno de los productos en los plazos estimados.
B62: 4.5 ¿El seguimiento propuesto prevé mediciones que garanticen el logro de los productos y sus efectos en los beneficiarios?
B63: La propuesta de seguimiento contempla mediciones periódicas claramente definidas mediante revisiones mensuales, reportes trimestrales y evaluaciones anuales. Asimismo, incorpora indicadores de procesos, productos, resultados e impacto, los cuales son claros, medibles y específicos, ya que incluyen variables como consultas prenatales realizadas, atención del parto, atención neonatal, diagnóstico y tratamiento de sepsis, razón de mortalidad materna, tasa de mortalidad neonatal, reducción de nacimientos prematuros y diagnósticos oportunos de enfermedades congénitas y metabólicas. Además, los indicadores no solo permiten medir el cumplimiento de los productos programados, sino también sus efectos directos en los beneficiarios, especialmente en términos de reducción de la mortalidad materna y neonatal, mejora de la calidad de la atención y fortalecimiento de la atención continua e integral durante el embarazo, parto, puerperio y período neonatal. - Seguimiento de los procesos: El seguimiento de los procesos será continuo y sistemático, utilizando registros clínicos, fichas de cumplimiento y protocolos normativos, que permitan documentar las intervenciones ejecutadas (consulta prenatal, atención del parto, diagnóstico y tratamiento de sepsis, manejo de emergencias obstétricas, atención neonatal y acompañamiento). De esta manera, se realizarán acciones de supervisión periódica en los establecimientos priorizados, con énfasis en la correcta aplicación de normas técnicas y la oportunidad de la atención, así como la verificación de la disponibilidad de recursos humanos, insumos y medicamentos necesarios para la prestación de los servicios. - Seguimiento de los productos: El seguimiento de los productos se efectuará mediante indicadores de producción y cobertura, desagregados por establecimiento de salud y tipo de atención, que reflejen la entrega efectiva de los servicios programados (consultas prenatales de calidad, acompañamiento a gestantes, puérperas y niños menores de un año, atención del parto, diagnóstico y tratamiento oportuno de sepsis, atención neonatal y tamizaje). La información será consolidada periódicamente a partir de los sistemas de información en salud y reportes institucionales permitiendo contrastar los avances con las metas establecidas. - Seguimiento de los resultados: El seguimiento de los resultados se realizará mediante indicadores de resultado e impacto, orientados a medir la reducción de la mortalidad materna por trastornos hipertensivos, sepsis y hemorragias, la disminución de la mortalidad neonatal por causas priorizadas, la reducción de nacimientos prematuros y el incremento de diagnósticos oportunos de enfermedades congénitas y metabólicas. Los análisis se desarrollarán de manera periódica (mensual, trimestral y anual), comparando tendencias, brechas y variaciones entre periodos y establecimientos priorizados. | G63: 4 | J63: 0 • La propuesta de seguimiento no contempla mediciones periódicas o este no cumple con todos los criterios correspondientes a la puntuación 1. 1 • La propuesta de seguimiento contempla mediciones periódicas, • En la propuesta no se incluyen indicadores de seguimiento. 2 • La propuesta de seguimiento contempla mediciones periódicas, • En la propuesta se incluyen indicadores de seguimiento, • Los indicadores de seguimiento no son claros, medibles o específicos. 3 • La propuesta de seguimiento contempla mediciones periódicas, • En la propuesta se incluyen indicadores de seguimiento, • Los indicadores de seguimiento son claros, medibles y específicos, • Los indicadores permiten medir el logro de los productos, pero no sus efectos en los beneficiarios. 4 • La propuesta de seguimiento contempla mediciones periódicas, • En la propuesta se incluyen indicadores de seguimiento, • Los indicadores de seguimiento son claros, medibles y específicos, • Los indicadores permiten medir el logro de los productos y sus efectos en los beneficiarios.
B65: 5. Sostenibilidad | G65: =IFERROR(IF(COUNTIFS($G$67:$G$72,"N/A")=COUNTA($B$67:$E$72),"N/A",SUM($G$67:$G$72)/(COUNTIFS($G$67:$G$72,"<>N/A",$G$67:$G$72,"<>"&"")*4)),"No evaluado") -> 1 | H65: =IF($G65="No evaluado","",IF($G65="N/A","",IF($G65>=0.8,"Muy bueno",IF($G65>=0.6,"Bueno",IF($G65>=0.4,"Regular",IF($G65>=0,"Malo",)))))) -> Muy bueno
B67: 5.1 ¿Las características del producto o servicio que el programa pretende otorgar junto con las condiciones externas (supuestos) permiten prever una duración prolongada del resultado inmediato o propósito y el resultado final o finalidad del programa?
B68: Productos y servicios: - Gestantes reciben servicios de consulta prenatal de calidad. - Gestantes reciben servicio de atención al parto (normal y complicado). - Neonatos (0-28 días) reciben servicio de atención oportuna. - Gestantes y puérperas reciben diagnóstico oportuno y tratamiento preventivo de sepsis neonatal. - Neonatos reciben servicios de tamizaje neonatal. Supuestos que favorecen la sostenibilidad: - Continuidad del financiamiento para los servicios materno-neonatales. - Disponibilidad de personal médico y especializado. - Abastecimiento oportuno de medicamentos, insumos y equipos. - Funcionamiento continuo de los servicios en las maternidades priorizadas. - Coordinación entre los establecimientos de salud y las instituciones vinculadas al programa. - Permanencia de los protocolos y lineamientos nacionales de atención materno neonatal. Supuestos que podrían afectar la sostenibilidad: - Limitaciones en la disponibilidad de personal especializado. - Retrasos en procesos de compras y abastecimiento de insumos. - Fallas en equipos médicos o limitaciones de infraestructura hospitalaria. - Interrupciones en el financiamiento o reducción de recursos asignados. Evidencia: - OMS – Reducción de mortalidad neonatal - UNICEF República Dominicana - ODS – Salud y bienestar - Estrategia Nacional de Desarrollo 2030 Sí, las características de los servicios incluidos en el programa y los supuestos identificados permiten considerar que las intervenciones pueden mantenerse en el tiempo. Los servicios planteados forman parte de las acciones que regularmente desarrolla el sistema público de salud en materia materna y neonatal, especialmente en atención prenatal, atención del parto, atención y tamizaje neonatales. Asimismo, el programa se encuentra alineado con prioridades y lineamientos nacionales relacionados con la reducción de la mortalidad materna y neonatal. | G68: 4 | J68: 0 • No hay información que explique cómo las características del producto o servicio permiten prever una ejecución prolongada en el tiempo y que se mantengan los resultados o finalidad del programa o este no cumple con todos los criterios correspondientes a la puntuación 1. 1 • Las características del producto o servicio permiten prever una ejecución prolongada en el tiempo y que se mantengan los resultados o finalidad del programa, • Las condiciones externas no permiten la duración prolongada del resultado intermedio y final. 2 • Las características del producto o servicio permiten prever una ejecución prolongada en el tiempo y que se mantengan los resultados o finalidad del programa, • Las condiciones externas permiten la duración prolongada del resultado intermedio y final, • La duración prevista para los resultados o finalidad es a mediano plazo. 3 • Las características del producto o servicio permiten prever una ejecución prolongada en el tiempo y que se mantengan los resultados o finalidad del programa, • Las condiciones externas permiten la duración prolongada del resultado intermedio y final, • La duración prevista para los resultados o finalidad es a largo plazo. 4 • Las características del producto o servicio permiten prever una ejecución prolongada en el tiempo y que se mantengan los resultados o finalidad del programa, • Las condiciones externas permiten la duración prolongada de los resultados o finalidad, • La duración prevista para los resultados o finalidad es a largo plazo, • Existe evidencia nacional o internacional de la durabilidad de los resultados o finalidad que se pretende lograr bajo los productos o servicios a entregar.
B69: 5.2 ¿El nivel de participación de los beneficiarios le da sostenibilidad al programa?
B70: Los beneficiarios del programa son principalmente gestantes, puérperas, recién nacidos y niños menores de un año atendidos en las maternidades priorizadas. El programa incluye servicios de atención prenatal, atención del parto, atención neonatal, tamizaje neonatal y acompañamiento, dirigidos a la población afectada por las principales causas de mortalidad materna y neonatal. Se prevé que la cobertura de los beneficiarios pueda mantenerse a largo plazo, debido a que estos servicios forman parte de la atención que regularmente ofrece el sistema público de salud y responden a prioridades nacionales del sector salud. Además, las acciones de acompañamiento y seguimiento permiten dar continuidad a la atención de las gestantes, puérperas y recién nacidos durante el desarrollo del programa. | G70: 4 | J70: 0 • No hay información sobre el nivel de participación de los beneficiarios o este no cumple con todos los criterios correspondientes a la puntuación 1. 1 • Los beneficiarios comprenden la mayor parte de la población afectada u objetivo por el problema que se quiere resolver. 2 • Los beneficiarios comprenden la mayor parte de la población afectada u objetivo por el problema que se quiere resolver, • Se prevé que el nivel de cobertura de los beneficiarios sea alto sólo en el corto plazo. 3 • Los beneficiarios comprenden la mayor parte de la población afectada u objetivo por el problema que se quiere resolver, • Se prevé que el nivel de cobertura de los beneficiarios sea alto sólo en el mediano plazo. 4 • Los beneficiarios comprenden la mayor parte de la población afectada u objetivo por el problema que se quiere resolver, • Se prevé que el nivel de cobertura de los beneficiarios sea alto en el largo plazo.
B71: 5.3 ¿La institucionalidad pública en que se ofrece el programa favorece la mantención de beneficios en aquellas personas o familias que egresan del programa?
B72: El programa se desarrolla bajo una institucionalidad pública estable, integrada principalmente por el Servicio Nacional de Salud (SNS) y las maternidades priorizadas, instituciones responsables de la prestación de servicios de atención materna y neonatal dentro del sistema público de salud. Los productos contemplados en el programa, como atención prenatal, atención del parto, atención neonatal, tamizaje neonatal y acompañamiento a gestantes y puérperas, son ofrecidos por instituciones cuyas funciones guardan relación directa con los servicios que se buscan brindar a la población beneficiaria. La participación del SNS, las maternidades de referencia y los sistemas oficiales de información del sector salud favorece la continuidad de los servicios y el seguimiento de la atención materna y neonatal, permitiendo mantener los beneficios para la población atendida durante y después de la ejecución del programa. | G72: 4 | J72: 0 • No hay información sobre el marco de institucionalidad pública en que se ofrece el programa o este no cumple con todos los criterios correspondientes a la puntuación. 1 • El programa se ofrece bajo una institucionalidad pública establea. 2 • El programa se ofrece bajo una institucionalidad pública estable, • La institucionalidad en que se ofrece el programa permite la provisión de beneficios a todas las personas o familias que ingresan al programa. 3 • El programa se ofrece bajo una institucionalidad pública estable, • La institucionalidad en que se ofrece el programa permite la provisión de beneficios a todas las personas o familias que ingresan al programa, • La institucionalidad en que se ofrece el programa permite la mantención de beneficios a la mayor parte de las personas o familias que egresan del programa. 4 • El programa se ofrece bajo una institucionalidad pública estable, • La institucionalidad en que se ofrece el programa permite la provisión de beneficios a todas las personas o familias que ingresan al programa, • La institucionalidad en que se ofrece el programa permite la mantención de beneficios a todas las personas o familias que egresan del programa. a. La estabilidad de la institucionalidad pública se refiere a que esta sea caracterizada por la permanencia y uniformidad en la ejecución de sus funciones.
B74: 6. Evaluabilidad | G74: =IFERROR(IF(COUNTIFS($G$76:$G$85,"N/A")=COUNTA($B$76:$E$85),"N/A",SUM($G$76:$G$85)/(COUNTIFS($G$76:$G$85,"<>N/A",$G$76:$G$85,"<>"&"")*4)),"No evaluado") -> 0.95 | H74: =IF($G74="No evaluado","",IF($G74="N/A","",IF($G74>=0.8,"Muy bueno",IF($G74>=0.6,"Bueno",IF($G74>=0.4,"Regular",IF($G74>=0,"Malo",)))))) -> Muy bueno
B76: 6.1 ¿La claridad con que han sido expuestos los resultados esperados facilitará la evaluación futura del programa?
B77: Los resultados esperados del programa se encuentran expuestos de forma clara y alineados con la problemática priorizada relacionada con la mortalidad materna y neonatal. Asimismo, permiten identificar los cambios esperados en la población objetivo y en los centros priorizados, facilitando el seguimiento y la evaluación futura del programa mediante indicadores, metas, medios de verificación y mecanismos de monitoreo definidos. Resultados: - Reducir la mortalidad materna. - Reducir la mortalidad Neonatal. - Reducir la proporción de nacimientos prematuros en los centros priorizados. Hospital Maternidad Nuestra Señora de La Altagracia - Reducir la proporción de nacimientos prematuros en los centros priorizados. Hospital Materno Infantil San Lorenzo de Los Mina - Reducir la proporción de muertes maternas por causas obstétricas directas prevenibles en centros priorizados - Mejorar el acceso y oportunidad de la atención perinatal y neonatal. Hospital Maternidad Nuestra Señora de La Altagracia - Mejorar el acceso y oportunidad de la atención perinatal y neonatal. Hospital Materno Infantil San Lorenzo de Los Mina - Reducir la proporción de muertes neonatales por causas prevenibles en los centros priorizados. - Fortalecer la detección temprana de condiciones neonatales congénitas y metabólicas. | G77: 4 | J77: 0 • El programa no cuenta con resultados esperados o este no cumple con todos los criterios correspondientes a la puntuación 1. 1 • Al menos uno de los resultados esperados es expuesto de forma clara. 2 • Todos los resultados esperados son expuestos de forma clara. 3 • Todos los resultados esperados son expuestos de forma clara, • No todos los resultados esperados son específicos, medibles, alcanzables, relevantes y temporales. 4 • Todos los resultados esperados son expuestos de forma clara, • Todos los resultados esperados son específicos, medibles, alcanzables, relevantes y temporales.
B78: 6.2 ¿La operacionalización de los productos facilitará el monitoreo del programa (calidad de los indicadores y validez de las metas)?
B79: La operacionalización de los productos permite el monitoreo del programa, debido a que los productos definidos cuentan con indicadores y metas relacionadas con las intervenciones y resultados esperados. Esto permite dar seguimiento general a las acciones implementadas en los centros priorizados. Producto: 7395-Gestantes reciben servicios de consulta prenatal Indicador: Número de gestantes que reciben consulta prenatal Metas: 18,346 para el 2025 a 22,497 en el 2030 Producto: 7398: Gestantes reciben diagnóstico oportuno para la prevención de sepsis neonatal Indicador: Número de gestantes con pruebas de detección de estreptococos del grupo B Metas: 4,328 para el 2025 a 5,261 en el 2030 Producto: 7812-Gestantes reciben servicio de atención al parto (normal y complicado) Indicador: Número de gestantes atendidas por parto normal y/o complicado Metas: 4,729 para el 2025 a 5,748 en el 2030 Producto: 7813-Neonatos (0-28 días de nacidos) reciben servicio de atención oportuna (normal y complicados) Indicador: Número de neonatos (0–28 días) normales y con complicaciones que reciben atención neonatal Metas: 4,697 para el 2025 a 5,709 en el 2030 Producto: 7814-Gestantes reciben servicios de consulta prenatal Indicador: Número de gestantes que reciben consulta prenatal Metas: 22,363 para el 2025 a 27,182 en el 2030 Producto: 7815-Gestantes reciben servicio de atención al parto (normal y complicado) Indicador: Número de gestantes atendidas por parto normal y/o complicado Metas: 4,661 para el 2025 a 5,665 en el 2030 Producto: 7816-Gestantes reciben diagnóstico oportuno para la prevención de sepsis neonatal Indicador: Número de gestantes con pruebas de detección de estreptococos del grupo B Metas: 2,653 para el 2025 a 3,225 en el 2030 Producto: 7817-Neonatos (0-28 días de nacidos) reciben servicio de atención oportuna (normal y complicados) Indicador: Número de neonatos (0–28 días) normales y con complicaciones que reciben atención neonatal Metas: 4,654 para el 2025 a 5,657 en el 2030 Producto nuevo: Neonatos reciben servicios de tamizaje básico a enfermedades congénitas y metabólicas Indicador: Número total de recién nacidos tamizados dentro de los primeros 28 días de vida UE 5180-01-0001, Metas: N/D para el 2025 a 22,497 en el 2030 5180-01-0014, Metas: N/D para el 2025 a 3,554 en el 2030 5180-01-0015, Metas: N/D para el 2025 a 3,598 en el 2030 | G79: 4 | J79: 0 • El programa no cuenta con indicadores y metas que permitan la operacionalización y monitoreo de los productos o este no cumple con todos los criterios correspondientes a la puntuación 1. 1 • La operacionalización de al menos uno de los productos permite el monitoreo del programa. 2 • La operacionalización de todos de los productos permite el monitoreo del programa, pero no de forma sencilla. 3 • La operacionalización de todos los productos permite monitorear el programa de forma sencilla, • No todos los indicadores y metas establecidas pueden ser monitoreados con facilidad. 4 • La operacionalización de todos los productos permite monitorear el programa de forma sencilla, • Todos los indicadores y metas establecidas pueden ser monitoreados con facilidad.
B80: 6.3 ¿El sistema de seguimiento propuesto es adaptado a los resultados esperados del programa y perfil de los beneficiarios?
B81: El sistema de seguimiento propuesto se encuentra alineado con los resultados esperados del programa y con el perfil de los beneficiarios, debido a que contempla el monitoreo de intervenciones dirigidas a gestantes, puérperas y recién nacidos en centros priorizados. Sin embargo, el seguimiento no podría realizarse con total facilidad, considerando las debilidades identificadas en algunos indicadores y la limitada evidencia de ejecución reciente del programa, lo que podría afectar la trazabilidad y consistencia del monitoreo. | G81: 4 | J81: 0 • No hay información sobre la adecuación del sistema de seguimiento a los resultados esperados del programa y el perfil de los beneficiarios o este no cumple con todos los criterios correspondientes a la puntuación 1. 1 • El sistema de seguimiento propuesto no se adapta a los resultados esperados del programa ni al perfil de los beneficiarios. 2 • El sistema de seguimiento propuesto se adapta a los resultados esperados del programa o al perfil de los beneficiarios, pero no a ambos. 3 • El sistema de seguimiento propuesto se adapta a los resultados esperados del programa y al perfil de los beneficiarios, • El seguimiento no puede ser realizado con facilidad. 4 • El sistema de seguimiento propuesto se adapta a los resultados esperados del programa y al perfil de los beneficiarios, • El seguimiento puede ser realizado con facilidad.
B82: 6.4 ¿Se presentan fichas técnicas de los indicadores definidos para el programa, donde se especifica nombre, descripción, método de cálculo, periodicidad de medición, línea de base, metas, sentido de la medición (ascendente o descendente), entre otros?
B83: El programa presenta fichas técnicas para los indicadores definidos, incorporando elementos como nombre, descripción, método de cálculo, línea base, metas, periodicidad y sentido de medición tanto para los resultados finales, intermedios e inmediatos y los productos. | G83: 4 | J83: 0 • El programa no cuenta con fichas técnicas para todos sus indicadores o este no cumple con todos los criterios correspondientes a la puntuación 1. 1 • Todos los indicadores del programa cuentan con fichas técnicas, • Del 0 al 49% de las fichas técnicas contienen todas las características establecidas. 2 • Todos los indicadores del programa cuentan con fichas técnicas, • Del 50 al 69% de las fichas técnicas contienen todas las características establecidas, • El contenido de las fichas no ha sido completado según los estándares de calidad especificados. 3 • Todos los indicadores del programa cuentan con fichas técnicas, • Del 70 al 84% de las fichas técnicas contienen todas las características establecidas, • El contenido de las fichas no ha sido completado según los estándares de calidad especificados. 4 • Todos los indicadores del programa cuentan con fichas técnicas, • Del 85 al 100% de las fichas técnicas contienen todas las características establecidas, • El contenido de las fichas ha sido completado según los estándares de calidad especificados.
B84: 6.5 ¿Las metas establecidas para los indicadores son factibles de alcanzar, considerando los plazos y recursos humanos y financieros con que cuenta el programa?
B85: Todos los indicadores del programa cuentan con metas establecidas y entre el 70 % y el 84 % de estas se consideran factibles de alcanzar, en función de los plazos definidos y de los recursos humanos y financieros disponibles. Asimismo, se identifican recursos humanos y financieros vinculados a la ejecución de las actividades priorizadas. No obstante, el costeo aún presenta inconsistencias en la identificación del personal requerido para la ejecución del programa. En particular, se incluyen puestos cuya vinculación con el programa, y específicamente con el producto de tamizaje, no se encuentra debidamente justificada, por lo que se requiere sustentar su incorporación o realizar los ajustes correspondientes. | G85: 3 | J85: 0 • No existen metas establecidas para cada uno de los indicadores del programa o este no cumple con todos los criterios correspondientes a la puntuación 1. 1 • Todos los indicadores del programa cuentan con metas establecidas, • Del 0 al 49% de las metas de los indicadores del programa son factibles de alcanzar, considerando los plazos y recursos humanos y financieros. 2 • Todos los indicadores del programa cuentan con metas establecidas, • Del 50 al 69% de las metas de los indicadores del programa son factibles de alcanzar, considerando los plazos y recursos humanos y financieros. 3 • Todos los indicadores del programa cuentan con metas establecidas, • Del 70 al 84% de las metas de los indicadores del programa son factibles de alcanzar, considerando los plazos y recursos humanos y financieros. 4 • Todos los indicadores del programa cuentan con metas establecidas, • Del 85 al 100% de las metas de los indicadores del programa son factibles de alcanzar, considerando los plazos y recursos humanos y financieros.
B87: 7. Transparencia | G87: =IFERROR(IF(COUNTIFS($G$89:$G$92,"N/A")=COUNTA($B$89:$E$92),"N/A",SUM($G$89:$G$92)/(COUNTIFS($G$89:$G$92,"<>N/A",$G$89:$G$92,"<>"&"")*4)),"No evaluado") -> 1 | H87: =IF($G87="No evaluado","",IF($G87="N/A","",IF($G87>=0.8,"Muy bueno",IF($G87>=0.6,"Bueno",IF($G87>=0.4,"Regular",IF($G87>=0,"Malo",)))))) -> Muy bueno
B89: 7.1 ¿Cuenta el programa con mecanismos de transparencia y rendición de cuentas como documentos normativos actualizados, públicos y disponibles en el portal institucional; procedimientos para recibir y dar trámite a las solicitudes de acceso a la información; información del desempeño y de resultados actualizada, pública y disponible en el portal institucional; mecanismos que propician la participación ciudadana en la toma de decisiones; entre otros?
B90: Sí, el programa contempla tres de los mecanismos de transperencia y rendición de cuentas establecidos, y ademas incorpora mecanismos adicionales a los requeridos. Entre los mecanismos de transparencia y rendición de cuentas son: - Norma Nacional para la Atención Integral de la Mujer durante el Embarazo, Parto y Puerperio: Constituye un documento normativo del Ministerio de Salud Pública (MISPAS) que establece los lineamientos técnicos y clínicos para la atención integral de las gestantes, puérperas y recién nacidos, orientado a la prevención de complicaciones y la reducción de la mortalidad materna y neonatal. Este documento se encuentra actualizado, es de carácter público, está publicado en el portal institucional y su actualización responde a la normativa vigente. Como parte de la propuesta programática, se prevé su revisión y armonización con los nuevos productos del programa, manteniéndose como documento rector. - Guía de Atención Neonatal Inmediata y Reanimación Neonatal: es un documento técnico que define los procedimientos clínicos para la atención del recién nacido al momento del parto, incluyendo la reanimación neonatal y el manejo inmediato de complicaciones. Se encuentra actualizado, es público, está disponible en el portal institucional y se actualiza de forma anual. Se contempla su actualización conforme a la evidencia vigente, manteniéndose como documento técnico asistencial. - Protocolo de Prevención y manejo de sepsis materna: Describe los procedimientos para la detección temprana, diagnóstico y tratamiento oportuno de la sepsis materna durante el embarazo, parto y puerperio. Este documento está actualizado y es de acceso público, aunque no se encuentra publicado en el portal institucional. Su actualización es anual y, como parte de los próximos pasos, se prevé su publicación institucional, dada su relevancia para el uso clínico prioritario. - Protocolo de Atención a Recién Prematuros y de Bajo Peso: establece los criterios clínicos, procedimientos y seguimiento para la atención de recién nacidos prematuros y de bajo peso mediante este método. Se encuentra actualizado y es público, pero no está publicado en el portal institucional. Su actualización es anual, y se contempla su difusión y publicación institucional, destacando que es un producto incorporado al programa en el año 2024. - Lineamientos para la Vigilancia de la Mortalidad Materna y Neonatal: Se prevé fortalecer su uso en las maternidades, sirviendo como instrumento clave de vigilancia epidemiológica. - Informe Anual de Resultados del Programa de Salud Materna Neonatal: Documento de gestión propuesto que consolidará los productos, indicadores y resultados del programa en el período t–t+1, incluyendo la Razón de Mortalidad Materna (RMM) y la Tasa de Mortalidad Neonatal (TMN). Se prevé su institucionalización como instrumento clave de rendición de cuentas. - Procedimiento de Recepción y Trámite de Solicitudes de Información: Instrumento institucional que garantiza el acceso ciudadano a la información pública del programa, conforme a la Ley de Acceso a la Información Pública. - Memoria Institucional del Servicio Nacional de Salud: Documento anual que presenta los resultados de gestión del SNS, incluyendo información vinculada a la atención materna y neonatal en hospitales priorizados. Se propone incorporar en este documento los resultados específicos del programa, fortaleciendo su función de rendición de cuentas. | G90: 4 | J90: 0 • El programa no cuenta con mecanismos de transparencia y rendición de cuentas o este no cumple con todos los criterios correspondientes a la puntuación 1. 1 • El programa cuenta con uno de los mecanismos de transparencia y rendición de cuentas establecidos. 2 • El programa cuenta con dos de los mecanismos de transparencia y rendición de cuentas establecidos. • No hay una periodicidad definida para la actualización de cada uno de los mecanismos de transparencia y rendición de cuentas con los que cuenta el programa. 3 • El programa cuenta con los tres de los mecanismos de transparencia y rendición de cuentas establecidos. • Hay una periodicidad definida para la actualización de cada uno de los mecanismos de transparencia y rendición de cuentas con los que cuenta el programa. 4 • El programa cuenta con los tres de los mecanismos de transparencia y rendición de cuentas establecidos. • El programa cuenta con mecanismos de transparencia y rendición de cuentas adicionales a los establecidos. • Hay una periodicidad definida para la actualización de cada uno de los mecanismos de transparencia y rendición de cuentas con los que cuenta el programa.
B91: 7.2 ¿El procedimiento sobre la ejecución del programa cuenta con las siguientes características: estandarizado, sistematizado, difundido públicamente, apegado a la normativa del programa?
B92: El programa dispone de un procedimiento de ejecución definido, el cual cumple con todas las características establecidas conforme a los criterios aplicables. Existen nuevos documentos que la institucion contempla incorporar como parte de los instrumentos de transparencia y rendición de cuentas, aún no ha sido publicado, ya que forma parte de un proceso de rediseño. Como oportunidad de mejora se identifica el fortalecimiento del uso de los lineamientos de vigilancia en todos los establecimientos de salud para mejorar la consistencia en la ejecución. | G92: 4 | J92: 0 • El programa no cuenta con un procedimiento de ejecución o este no cumple con todos los criterios correspondientes a la puntuación 1. 1 • El programa cuenta con un procedimiento sobre la ejecución. • El procedimiento sobre la ejecución de programa cuenta con una de las características establecidas. 2 • El programa cuenta con un procedimiento sobre la ejecución. • El procedimiento sobre la ejecución de programa cuenta con dos de las características establecidas. 3 • El programa cuenta con un procedimiento sobre la ejecución. • El procedimiento sobre la ejecución de programa cuenta con tres de las características establecidas. 4 • El programa cuenta con un procedimiento sobre la ejecución. • El procedimiento sobre la ejecución de programa cuenta con todas las características establecidas.

Sheet Ficha 3
B2: Ficha 3: Recomendaciones
B4: 1. Pertinencia | D4: Peso | E4: =VLOOKUP($B4,'Recálculo ponderaciones'!$B:$G,6,0) -> 0.2 | F4: Puntuación | H4: =IF(OR('Ficha 2'!$G$4="No evaluado",'Ficha 2'!$G$4="N/A"),'Ficha 2'!$G$4,$E4*'Ficha 2'!G$4) -> 0.19
B6: Muy bueno | C6: =IF(VLOOKUP($B4,'Ficha 2'!$B:$H,7,0)=B6,"ü","") -> ü | D6: Bueno | E6: =IF(VLOOKUP($B4,'Ficha 2'!$B:$H,7,0)=D6,"ü","") | F6: Regular | G6: =IF(VLOOKUP($B4,'Ficha 2'!$B:$H,7,0)=F6,"ü","") | H6: Malo | I6: =IF(VLOOKUP($B4,'Ficha 2'!$B:$H,7,0)=H6,"ü","")
B8: Justificación
B9: El programa presenta un alto nivel de pertinencia, debido a que existe coherencia entre el problema identificado, las causas priorizadas, las intervenciones seleccionadas, la población objetivo y los resultados esperados. El programa cuenta con un diagnóstico y modelo explicativo que identifican las principales causas de mortalidad materna y neonatal, tales como: - Hemorragias obstétricas, - Trastornos hipertensivos del embarazo, - Infecciones maternas y neonatales, - Prematuridad, - Asfixia neonatal, - Debilidades en el acceso y calidad de los servicios de salud. Asimismo, incorpora matrices causales, camino causal crítico, priorización epidemiológica y evidencia técnica nacional e internacional que fortalecen la fundamentación del programa. Las intervenciones propuestas responden directamente a las causas identificadas e incluyen atención prenatal integral, atención especializada del parto, atención neonatal, manejo de emergencias obstétricas, tamizaje neonatal y seguimiento materno-neonatal. Además, el programa define resultados orientados a la reducción de la mortalidad materna y neonatal, estableciendo población objetivo, línea base, metas y horizonte temporal al 2030. Las actividades programadas son coherentes con el perfil epidemiológico y territorial de la población beneficiaria. Asimismo, el programa incorpora un mecanismo institucional para la revisión y actualización del diagnóstico cada tres años, o antes cuando se produzcan cambios relevantes en el perfil epidemiológico, la evidencia científica o la política pública del sector salud, fortaleciendo la pertinencia del diseño programático.
B11: Recomendaciones
B12: Antes de la ejecución | F12: Durante de la ejecución
B13: - Formalizar un mecanismo institucional de revisión y actualización periódica del diagnóstico, incluyendo: cronograma de actualización, responsables y fuentes oficiales de información epidemiológica. - Fortalecer la incorporación de evidencia cuantitativa nacional y territorial, mediante: estadísticas actualizadas, auditorías de mortalidad, SINAVE, RIESS, ENDESA y análisis regionales. - Documentar metodológicamente los criterios de priorización y selección de intervenciones, incorporando: análisis de costo-efectividad, comparación entre alternativas y sustento técnico de la selección programática. | F13: - Implementar mecanismos de monitoreo continuo del comportamiento epidemiológico de la mortalidad materna y neonatal. - Fortalecer la articulación entre: atención prenatal, parto, puerperio, atención neonatal, referencia, para garantizar continuidad del cuidado. - Actualizar periódicamente las matrices causales e intervenciones conforme a: cambios epidemiológicos, evidencia científica y resultados del monitoreo programático. - Fortalecer los sistemas de información y calidad de registros clínicos y epidemiológicos para mejorar: trazabilidad, monitoreo y toma de decisiones basadas en evidencia.
B15: 2. Coherencia | D15: Peso | E15: =VLOOKUP($B15,'Recálculo ponderaciones'!$B:$G,6,0) -> 0.2 | F15: Puntuación | H15: =IF(OR('Ficha 2'!$G$17="No evaluado",'Ficha 2'!$G$17="N/A"),'Ficha 2'!$G$17,$E15*'Ficha 2'!$G$17) -> 0.1875
B17: Muy bueno | C17: =IF(VLOOKUP($B15,'Ficha 2'!$B:$H,7,0)=B17,"ü","") -> ü | D17: Bueno | E17: =IF(VLOOKUP($B15,'Ficha 2'!$B:$H,7,0)=D17,"ü","") | F17: Regular | G17: =IF(VLOOKUP($B15,'Ficha 2'!$B:$H,7,0)=F17,"ü","") | H17: Malo | I17: =IF(VLOOKUP($B15,'Ficha 2'!$B:$H,7,0)=H17,"ü","")
B19: Justificación
B20: La propuesta del programa presenta una adecuada coherencia técnica y programática entre resultados, productos, actividades, indicadores y supuestos, mostrando alineación con las políticas nacionales y sectoriales orientadas a la reducción de la mortalidad materna y neonatal y mantiene relación lógica dentro de la cadena de resultados. No obstante, permanecen oportunidades de mejora relacionadas con el fortalecimiento de los sistemas nacionales de información, especialmente en materia de tamizaje neonatal y enfermedades congénitas, así como en la consolidación de mecanismos de seguimiento operativo y supervisión de la calidad de la atención.
B22: Recomendaciones
B23: Antes de la ejecución | F23: Durante de la ejecución
B24: - Robustecer los sistemas nacionales de información y estadística, especialmente en tamizaje neonatal y enfermedades congénitas. | F24: - Incorporar mecanismos sistemáticos de supervión de la calidad y seguimiento del cumplimiento de protocolos clínicos. - Fortalecer estrategias preventivas y de contigencia ante sobre cargas de servicios, rotación de personal o desabastecimiento de insumos.
B25: Recomendaciones
B26: 3. Eficiencia | D26: Peso | E26: =VLOOKUP($B26,'Recálculo ponderaciones'!$B:$G,6,0) -> 0.1 | F26: Puntuación | H26: =IF(OR('Ficha 2'!$G$41="No evaluado",'Ficha 2'!$G$41="N/A"),'Ficha 2'!$G$41,$E26*'Ficha 2'!$G$41) -> 0.06875
B28: Muy bueno | C28: =IF(VLOOKUP($B26,'Ficha 2'!$B:$H,7,0)=B28,"ü","") | D28: Bueno | E28: =IF(VLOOKUP($B26,'Ficha 2'!$B:$H,7,0)=D28,"ü","") -> ü | F28: Regular | G28: =IF(VLOOKUP($B26,'Ficha 2'!$B:$H,7,0)=F28,"ü","") | H28: Malo | I28: =IF(VLOOKUP($B26,'Ficha 2'!$B:$H,7,0)=H28,"ü","")
B30: Justificación
B31: El programa cuenta con servicios y mecanismos de seguimiento para la atención materna y neonatal. Durante la revisión se identificaron observaciones en registros de costeo, programación de actividades y relación entre algunos productos, indicadores y metas. También se observaron diferencias en algunos registros y proyecciones de costos que dificultan identificar con claridad la relación entre determinados recursos y las actividades programadas.
B33: Recomendaciones
B34: Antes de la ejecución | F34: Durante de la ejecución
B35: - Revisar la consistencia entre productos, indicadores, metas y matrices de costeo. - Validar los criterios utilizados para las proyecciones de costos. | F35: - Dar seguimiento a la ejecución física y financiera del programa. - Revisar periódicamente la relación entre los recursos programados y las actividades ejecutadas.
B37: 4. Eficacia | D37: Peso | E37: =VLOOKUP($B37,'Recálculo ponderaciones'!$B:$G,6,0) -> 0.1 | F37: Puntuación | H37: =IF(OR('Ficha 2'!$G$52="No evaluado",'Ficha 2'!$G$52="N/A"),'Ficha 2'!$G$52,$E37*'Ficha 2'!$G$52) -> 0.085
B39: Muy bueno | C39: =IF(VLOOKUP($B37,'Ficha 2'!$B:$H,7,0)=B39,"ü","") -> ü | D39: Bueno | E39: =IF(VLOOKUP($B37,'Ficha 2'!$B:$H,7,0)=D39,"ü","") | F39: Regular | G39: =IF(VLOOKUP($B37,'Ficha 2'!$B:$H,7,0)=F39,"ü","") | H39: Malo | I39: =IF(VLOOKUP($B37,'Ficha 2'!$B:$H,7,0)=H39,"ü","")
B41: Justificación
B42: El modelo de gestión permite el logro del resultado inmediato y de los productos del programa mediante mecanismos de coordinación entre el MISPAS, el SNS y los niveles regionales y locales, apoyado en monitoreo periódico, reportes y evaluaciones que facilitan la toma de decisiones. La ejecución se realiza bajo un procedimiento estandarizado y alineado a la normativa vigente, incorporando planificación operativa, control de calidad e indicadores que permiten verificar el cumplimiento de metas y la entrega de los productos en los plazos establecidos. El seguimiento se desarrolla de forma periódica mediante indicadores de procesos, productos y resultados, apoyado en sistemas de información y registros clínicos, lo que permite el monitoreo continuo y la mejora de la calidad de la atención. Sin embargo, la propuesta no detalla de manera específica el personal requerido por hospital ni se visualiza un análisis de brechas de recursos humanos, por lo que no es posible confirmar plenamente que las cantidades descritas en cada hospital sean suficientes para garantizar el logro de todos los productos en los plazos estimados.
B44: Recomendaciones
B45: Antes de la ejecución | F45: Durante de la ejecución
B46: - Fortalecer el análisis de brechas de recursos humanos por establecimiento de salud, con el fin de garantizar la suficiencia del personal requerido para la ejecución de los productos. - Consolidar la planificación operativa vinculada a los productos del programa, asegurando su alineación con los recursos disponibles y la demanda de servicios. | F46: - Reforzar la supervisión técnica y el monitoreo continuo en los establecimientos priorizados para asegurar la correcta implementación de las intervenciones. - Mantener la revisión periódica de los indicadores de procesos, productos y resultados para facilitar la toma de decisiones oportunas y acciones correctivas.
B48: 5. Sostenibilidad | D48: Peso | E48: =VLOOKUP($B48,'Recálculo ponderaciones'!$B:$G,6,0) -> 0.1 | F48: Puntuación | H48: =IF(OR('Ficha 2'!$G$65="No evaluado",'Ficha 2'!$G$65="N/A"),'Ficha 2'!$G$65,$E48*'Ficha 2'!$G$65) -> 0.1
B50: Muy bueno | C50: =IF(VLOOKUP($B48,'Ficha 2'!$B:$H,7,0)=B50,"ü","") -> ü | D50: Bueno | E50: =IF(VLOOKUP($B48,'Ficha 2'!$B:$H,7,0)=D50,"ü","") | F50: Regular | G50: =IF(VLOOKUP($B48,'Ficha 2'!$B:$H,7,0)=F50,"ü","") | H50: Malo | I50: =IF(VLOOKUP($B48,'Ficha 2'!$B:$H,7,0)=H50,"ü","")
B52: Justificación
B53: El programa se desarrolla dentro del sistema público de salud y contempla servicios permanentes dirigidos a la atención materna y neonatal. Los productos y servicios programados mantienen relación con las prioridades nacionales del sector salud y cuentan con mecanismos de seguimiento y continuidad de la atención a la población beneficiaria. El programa se ejecuta a través del SNS y las maternidades priorizadas, lo que favorece la continuidad de los servicios y el seguimiento de la población beneficiaria. El programa incorpora fichas técnicas para todos los indicadores de resultados y productos, incluyendo el nuevo producto de tamizaje neonatal, con sus respectivos métodos de cálculo, medios de verificación, periodicidad, metas y responsables institucionales, fortaleciendo las condiciones para el monitoreo y la evaluación.
B55: Recomendaciones
B56: Antes de la ejecución | F56: Durante de la ejecución
B57: - Revisar periódicamente la disponibilidad de recursos e insumos necesarios para la continuidad de los servicios. | F57: - Dar seguimiento a la continuidad de los servicios y cobertura de la población beneficiaria. - Mantener actualizados los mecanismos de seguimiento y registro de información del programa.
B59: 6. Evaluabilidad | D59: Peso | E59: =VLOOKUP($B59,'Recálculo ponderaciones'!$B:$G,6,0) -> 0.2 | F59: Puntuación | H59: =IF(OR('Ficha 2'!$G$74="No evaluado",'Ficha 2'!$G$74="N/A"),'Ficha 2'!$G$74,$E59*'Ficha 2'!$G$74) -> 0.19
B61: Muy bueno | C61: =IF(VLOOKUP($B59,'Ficha 2'!$B:$H,7,0)=B61,"ü","") -> ü | D61: Bueno | E61: =IF(VLOOKUP($B59,'Ficha 2'!$B:$H,7,0)=D61,"ü","") | F61: Regular | G61: =IF(VLOOKUP($B59,'Ficha 2'!$B:$H,7,0)=F61,"ü","") | H61: Malo | I61: =IF(VLOOKUP($B59,'Ficha 2'!$B:$H,7,0)=H61,"ü","")
B63: Justificación
B64: El programa cuenta con resultados esperados, indicadores, metas y mecanismos de seguimiento que permiten evaluar los avances de las intervenciones relacionadas con la salud materna y neonatal. Asimismo, se evidencian fichas técnicas para los indicadores definidos, incorporando elementos metodológicos necesarios para el monitoreo y evaluación del programa, tales como fórmula de cálculo, línea base, metas, periodicidad y medios de verificación.
B66: Recomendaciones
B67: Antes de la ejecución | F67: Durante de la ejecución
F68: - Fortalecer los mecanismos de seguimiento y monitoreo periódico de los indicadores, metas y productos asociados a los resultados esperados, con el propósito de garantizar una ejecución eficiente y el cumplimiento de los objetivos institucionales.
B70: 7. Transparencia | D70: Peso | E70: =VLOOKUP($B70,'Recálculo ponderaciones'!$B:$G,6,0) -> 0.1 | F70: Puntuación | H70: =IF(OR('Ficha 2'!$G$87="No evaluado",'Ficha 2'!$G$87="N/A"),'Ficha 2'!$G$87,$E70*'Ficha 2'!$G$87) -> 0.1
B72: Muy bueno | C72: =IF(VLOOKUP($B70,'Ficha 2'!$B:$H,7,0)=B72,"ü","") -> ü | D72: Bueno | E72: =IF(VLOOKUP($B70,'Ficha 2'!$B:$H,7,0)=D72,"ü","") | F72: Regular | G72: =IF(VLOOKUP($B70,'Ficha 2'!$B:$H,7,0)=F72,"ü","") | H72: Malo | I72: =IF(VLOOKUP($B70,'Ficha 2'!$B:$H,7,0)=H72,"ü","")
B74: Justificación
B75: El programa cuenta con mecanismos de transparencia y rendición de cuentas, así como instrumentos adicionales para la gestión y difusión de resultados. Entre ellos se incluyen documentos normativos y protocolos técnicos actualizados y de acceso público, mecanismos de acceso a la información, lineamientos de vigilancia, e informes y memorias institucionales que consolidan los principales resultados. El procedimiento de ejecución se encuentra estandarizado, sistematizado y alineado con la normativa vigente.
B77: Recomendaciones
B78: Antes de la ejecución | F78: Durante de la ejecución
F79: - Fortalecer la implementación y uso homogéneo de los lineamientos de vigilancia de la mortalidad materna y neonatal en todos los establecimientos de salud priorizados.
B81: Valoración final | D81: =SUM(H4,H15,H26,H37,H48,H59,H70) -> 0.92125 | F81: =IF($D$81>=0.9,"Consistente",IF($D$81>=0.6,"Consistente con observaciones","Inconsistente")) -> Consistente

Sheet Ficha 4
B2: Ficha 4: Valoración final
B4: Consistencia | D4: Puntuación | F4: =+'Ficha 3'!$D$81 -> 0.92125
B6: Consistente | C6: =IF('Ficha 3'!$F$81=B6,"ü","") -> ü | D6: Consistente con observaciones | E6: =IF('Ficha 3'!$F$81=D6,"ü","") | F6: Inconsistente | G6: =IF('Ficha 3'!$F$81=F6,"ü","")
B8: Justificación técnica
B9: El programa presenta una adecuada pertinencia y coherencia técnica, debido a que existe una relación lógica entre el problema identificado, las causas priorizadas, las intervenciones seleccionadas, la población objetivo y los resultados esperados orientados a la reducción de la mortalidad materna y neonatal. Las intervenciones propuestas responden a las principales causas de morbimortalidad materna y neonatal e incluyen servicios de consulta prenatal, atención del parto, atención neonatal, diagnóstico oportuno para la prevención de sepsis, manejo de emergencias obstétricas y tamizaje neonatal para la detección temprana de enfermedades congénitas y metabólicas. Asimismo, el programa mantiene coherencia entre los resultados, productos, actividades, indicadores y supuestos, alineándose con las políticas nacionales y sectoriales de salud. La propuesta incorpora una ruta de cambio claramente definida, fichas técnicas para los indicadores de resultados y productos, metas plurianuales, un sistema de seguimiento basado en indicadores de proceso, producto, resultado e impacto, así como mecanismos de transparencia y rendición de cuentas que fortalecen el monitoreo, la evaluación y la toma de decisiones basada en evidencia. No obstante, se identifican oportunidades de mejora relacionadas con el fortalecimiento de los sistemas nacionales de información, particularmente para el seguimiento del tamizaje neonatal y las enfermedades congénitas y metabólicas, así como con el fortalecimiento del costeo del programa, a fin de garantizar una adecuada consistencia entre las estimaciones financieras, las metas físicas y los recursos requeridos para la implementación de las intervenciones.

Sheet Anexo B
B2: Anexo B: Indicadores del programa
B4: 1. Información general
B6: Nombre del programa: | D6: Salud Materno Neonatal
B7: Modalidad: | D7: Programa presupuestario orientado a resultados
B8: Institución responsable: | D8: Servicio Nacional de Salud
B9: Tipo de evaluación: | D9: Rediseño | J9: Año de evaluación: | L9: 2026
B11: Nivel de resultado | C11: Nombre del indicador | D11: Fórmula de cálculo | E11: Específico | F11: Medible | G11: Alcanzable | H11: Relevante | I11: Temporal | J11: Monitoreable | K11: Adecuado | L11: Descripción | M11: Unidad de medida | N11: Periodicidad de medición | O11: Línea de base | P11: Metas | Q11: Sentido de la medición
B13: Resultado final | C13: Razón de mortalidad materna (por cada 100,000 nacidos vivos) | D13: (Número de muertes maternas en el período t / Número de nacidos vivos en el período t) × 100,000 | E13: Sí | F13: Sí | G13: Sí | H13: Sí | I13: Sí | J13: Sí | K13: Sí | L13: Sí | M13: Sí | N13: Sí | O13: Sí | P13: Sí | Q13: Descendente
B14: Resultado final | C14: Tasa de mortalidad neonatal (por cada 1,000 nacidos vivos) | D14: (Número de muertes neonatales (0 a 28 días) en el período t / Número de nacidos vivos en el período t) × 1,000 | E14: Sí | F14: Sí | G14: Sí | H14: Sí | I14: Sí | J14: Sí | K14: Sí | L14: Sí | M14: Sí | N14: Sí | O14: Sí | P14: Sí | Q14: Descendente
B15: Resultado intermedio | C15: Proporción de nacimientos prematuros en Hospital Materno Infantil San Lorenzo Los Mina | D15: Número de nacidos vivos prematuros en el centro en el período t / Total de nacidos vivos en el centro en el período t × 100 | E15: Sí | F15: Sí | G15: Sí | H15: Sí | I15: Sí | J15: Sí | K15: Sí | L15: Sí | M15: Sí | N15: Sí | O15: Sí | P15: Sí | Q15: Descendente
B16: Resultado intermedio | C16: Proporción de nacimientos prematuros en Hospital Maternidad Nuestra Señora de La Altagracia | D16: Número de nacidos vivos prematuros en el centro en el período t / Total de nacidos vivos en el centro en el período t × 100 | E16: Sí | F16: Sí | G16: Sí | H16: Sí | I16: Sí | J16: Sí | K16: Sí | L16: Sí | M16: Sí | N16: Sí | O16: Sí | P16: Sí | Q16: Descendente
B17: Resultado intermedio | C17: Proporción de muertes maternas por causas obstétricas directas prevenibles (%) | D17: (Número de muertes maternas por hemorragias + trastornos hipertensivos + sepsis /Total de muertes maternas) × 100 | E17: Sí | F17: Sí | G17: Sí | H17: Sí | I17: Sí | J17: Sí | K17: Sí | L17: Sí | M17: Sí | N17: Sí | O17: Sí | P17: Sí | Q17: Descendente
B18: Resultado intermedio | C18: Proporción de muertes neonatales por causas prevenibles (%) | D18: (Número de muertes neonatales por dificultad respiratoria + número de muertes neonatales por sepsis neonatal + número de muertes neonatales por asfixia perinatal / Total de muertes neonatales) × 100 | E18: Sí | F18: Sí | G18: Sí | H18: Sí | I18: Sí | J18: Sí | K18: Sí | L18: Sí | M18: Sí | N18: Sí | O18: Sí | P18: Sí | Q18: Descendente
B19: Resultado inmediato | C19: Porcentaje de recién nacidos que reciben atención pediátrica en el período perinatal en Hospital Materno Infantil San Lorenzo de Los Mina | D19: (Número de recién nacidos que reciben consulta pediátrica durante el período perinatal en el centro priorizado en el período t / Número total de nacidos vivos registrados en el centro priorizado en el período t) × 100 | E19: Sí | F19: Sí | G19: Sí | H19: Sí | I19: Sí | J19: Sí | K19: Sí | L19: Sí | M19: Sí | N19: Sí | O19: Sí | P19: Sí | Q19: Ascendente
B20: Resultado inmediato | C20: Porcentaje de recién nacidos que reciben atención pediátrica en el período perinatal en Hospital Maternidad Nuestra Señora de La Altagracia | D20: (Número de recién nacidos que reciben consulta pediátrica durante el período perinatal en el centro priorizado durante el período t / Número total de nacidos vivos registrados en el centro priorizado durante el período t) × 100 | E20: Sí | F20: Sí | G20: Sí | H20: Sí | I20: Sí | J20: Sí | K20: Sí | L20: Sí | M20: Sí | N20: Sí | O20: Sí | P20: Sí | Q20: Ascendente
B21: Resultado inmediato | C21: Porcentaje de recién nacidos que reciben tamizaje neonatal básico | D21: (Número de recién nacidos tamizados en los centros priorizados durante el período t / Total de recién nacidos en los centros priorizados durante el mismo período) × 100 | E21: Sí | F21: Sí | G21: Sí | H21: Sí | I21: Sí | J21: Sí | K21: Sí | L21: Sí | M21: Sí | N21: Sí | O21: No | P21: Sí | Q21: Ascendente
B24: Leyenda
B25: Específico: el indicador está formulado con precisión. Esto es, contiene información que está expresamente vinculada al objetivo en términos operacionalmente claros y que permiten verificar su grado de cumplimiento.
B26: Medible: el indicador puede ser medido cuantitativa o cualitativamente a partir de las fuentes de verificación establecidas.
B27: Alcanzable: el objetivo o meta planteado es realista. Esto es, es probable alcanzar las metas del indicador en el tiempo establecido.
B28: Relevante: el indicador mide un factor o variable directamente relacionado con un aspecto fundamental del objetivo o resultado esperado.
B29: Temporal: el indicador incluye temporalidad y frecuencia de medición.
B30: Monitoreable: el indicador tiene medios de verificación y método de cálculo definidos claramente.
B31: Adecuado: el indicador aporta una base suficiente de información para emitir un juicio respecto del desempeño en un periodo determinado.
B32: Descripción: el indicador cuenta con una descripción que expresa qué mide y cómo es interpretado.
B33: Unidad de medida: la unidad de medida es descrita de forma expresa y coincide con la fórmula de cálculo y el nombre del indicador.
B34: Periodicidad de medición: se indica expresamente con que periodicidad se realizará la medición del indicador y esta coincide con la disponibilidad de información de los componentes de la fórmula de cálculo y los medios de verificación establecidos.
B35: Línea de base: el indicador cuenta con una medición de referencia de un periodo anterior.
... B38: Nota: se deben incluir todos los indicadores de cada uno de los niveles de objetivo. Copiar y pegar las filas según sea necesario. Organizar jerárquicamente según el nivel de objetivo.

Sheet Anexo C
B2: Anexo C: Metas del programa
B4: 1. Información general
B6: Nombre del programa: | D6: Salud Materno Neonatal
B7: Modalidad: | D7: Programa presupuestario orientado a resultados
B8: Institución responsable: | D8: Servicio Nacional de Salud (SNS)
B9: Tipo de evaluación: | D9: Rediseño | G9: Año de evaluación: | I9: 2026
B11: Nivel de resultado | C11: Nombre del indicador | D11: Meta | E11: Unidad de medida | F11: Justificación | G11: Orientada a impulsar el desempeño | H11: Justificación | I11: Factible | J11: Justificación | K11: Propuesta de mejora de la meta
B13: Resultado final | C13: Razón de mortalidad materna (por cada 100,000 nacidos vivos) | D13: 87 | E13: Sí | F13: Si, presenta la unidad de medida | G13: Sí | H13: La meta impulsa la reducción de la mortalidad materna | I13: Sí
B14: Resultado final | C14: Tasa de mortalidad neonatal (por cada 1,000 nacidos vivos) | D14: 9 | E14: Sí | F14: Si, presenta la unidad de medida | G14: Sí | H14: La meta impulsa la reducción de la mortalidad neonatal | I14: Sí
B15: Resultado intermedio | C15: Proporción de nacimientos prematuros en Hospital Materno Infantil San Lorenzo Los Mina | D15: 0.0456 | E15: Sí | F15: Si, presenta la unidad en porcentaje | G15: Sí | H15: Promueve mejoras en atención prenatal y neonatal. | I15: Sí
B16: Resultado intermedio | C16: Proporción de nacimientos prematuros en Hospital Maternidad Nuestra Señora de La Altagracia | D16: 0.0714 | E16: Sí | F16: Si, presenta la unidad en porcentaje | G16: Sí | H16: Promueve mejoras en atención prenatal y neonatal. | I16: Sí
B17: Resultado intermedio | C17: Proporción de muertes maternas por causas obstétricas directas prevenibles (%) | D17: Los Mina: 50.68% La Altagracia: 67.90% | E17: Sí | F17: Si, presenta la unidad en porcentaje | G17: Sí | H17: La meta promueve reducción de mortalidad materna asociada hemorragia, trastornos hipertensivos y sepsis. | I17: Sí
B18: Resultado intermedio | C18: Proporción de muertes neonatales por causas prevenibles (%) | D18: Los Mina: 59.52% La Altagracia: 20.67% | E18: Sí | F18: Si, presenta la unidad en porcentaje | G18: Sí | H18: La meta promueve la reducción de la proporción de muertes neonatales por las principales causas prevenibles, incluyendo el síndrome de dificultad respiratoria, la sepsis neonatal y la asfixia perinatal, contribuyendo a disminuir la mortalidad neonatal en los centros priorizados. | I18: Sí
B19: Resultado inmediato | C19: Porcentaje de recién nacidos que reciben atención pediátrica en el período perinatal en Hospital Materno Infantil San Lorenzo de Los Mina | D19: 0.9406 | E19: Sí | F19: Si, presenta la unidad en porcentaje | G19: Sí | H19: La meta promueve mejorar el acceso y la oportunidad de la atención perinatal y neonatal. | I19: Sí
B20: Resultado inmediato | C20: Porcentaje de recién nacidos que reciben atención pediátrica en el período perinatal en Hospital Maternidad Nuestra Señora de La Altagracia | D20: 0.9416 | E20: Sí | F20: Si, presenta la unidad en porcentaje | G20: Sí | H20: La meta promueve mejorar el acceso y la oportunidad de la atención perinatal y neonatal. | I20: Sí
B21: Resultado inmediato | C21: Porcentaje de recién nacidos que reciben tamizaje neonatal básico | D21: 0.75 | E21: Sí | F21: Si, presenta la unidad en porcentaje | G21: Sí | H21: La meta promueve fortalecer la detección temprana de enfermedades congénitas y metabólicas mediante la ampliación progresiva de la cobertura del tamizaje neonatal, favoreciendo el diagnóstico oportuno, el inicio temprano del tratamiento y la reducción de complicaciones y discapacidad. | I21: Sí
B22: Unidad de medida: la meta está expresada en la misma unidad de medida del indicador y su fórmula de cálculo.
B23: Orientada a impulsar el desempeño: el valor de la meta es suficientemente retador como para impulsar el desempeño.
B24: Factible: es posible alcanzar la meta considerando el tiempo.
B26: Nota: se deben incluir todos los indicadores de cada uno de los niveles de objetivo. Copiar y pegar las filas según sea necesario. Organizar jerárquicamente según el nivel de objetivo.

Sheet Anexo D
B2: Anexo D: Complementariedad y coincidencias entre programas presupuestarios y/o acciones de desarrollo social
B4: 1. Información general
B6: Nombre del programa: | D6: Salud Materno Neonatal
B7: Modalidad: | D7: Programa presupuestario orientado a resultados
B8: Institución responsable: | D8: Servicio Nacional de Salud (SNS)
B9: Tipo de evaluación: | D9: Rediseño | I9: Año de evaluación: | K9: 2026
B11: Nombre del programa | C11: Llave programática | D11: Modalidad | E11: Unidad ejecutora | F11: Propósito o resultado inmediato | G11: Población objetivo | H11: Tipo de apoyo | I11: Cobertura geográfica | J11: Fuentes de información | K11: ¿Coincide con el programa evaluado? | L11: ¿Se complementa con el programa evaluado? | M11: Justificación
A13: 1 | B13: Gestantes reciben servicios de consulta prenatal. | C13: 5180.01.0014 | D13: Producto sustantivo | E13: Maternidad San Lorenzo de Los Mina | F13: Garantizar el acceso oportuno a servicios de consulta prenatal de calidad, orientados a detección temprana y manejo inicial de factores de riesgo obstétrico como hipertensión, anemia e infecciones. | G13: Gestantes | H13: Atención prenatal integral especializada (prevención primaria y secundaria de alto impacto) | I13: Maternidad San Lorenzo de Los Mina | J13: World Health Organization. (2016). WHO recommendations on antenatal care for a positive pregnancy experience. Geneva, Switzerland: WHO. pp. 1–45 https://www.who.int/publications/i/item/WHO-RHR-16.12 | K13: No | L13: Sí | M13: Ambas intervenciones se complementan, ya que la oferta pública existente fortalece la prevención primaria y secundaria, mientras que la propuesta profundiza en la estratificación del riesgo y la referencia oportuna, ampliando la efectividad del control prenatal sin generar duplicidades de acciones.
A14: 2 | B14: Gestantes reciben servicio de atención al parto (normal y complicado). | C14: 5180.01.0014 | D14: Producto sustantivo | E14: Maternidad San Lorenzo de Los Mina | F14: Asegurar la atención segura y oportuna del parto normal y complicado, incluyendo el manejo de emergencias obstétricas. | G14: Gestantes | H14: Atención obstétrica especializada y manejo de emergencias (intervención crítica de alto impacto) | I14: Maternidad San Lorenzo de Los Mina | J14: World Health Organization. (2018). WHO recommendations: Intrapartum care for a positive childbirth experience. Geneva, Switzerland: WHO. pp. 1–60 https://www.who.int/publications/i/item/9789241550215 | K14: Sí | L14: Sí | M14: Existen coincidencias directas con la propuesta programática, ya que ambas abordan el mismo momento critico del continuo de atención materna. Sin embargo, la propuesta se ve fortalecida al incorporar criterios prescriptivos que priorizan los casos de mayor riesgo y optimizan la respuesta clinica.
A15: 3 | B15: Gestantes reciben diagnóstico oportuno para la prevención de sepsis neonatal. | C15: 5180.01.0014 | D15: Producto sustantivo | E15: Maternidad San Lorenzo de Los Mina | F15: Prevenir, detectar y tratar de forma temprana la sepsis materna y neonatal mediante protocolos de diagnóstico oportuno. | G15: Gestantes | H15: Prevención secundaria y diagnóstico clínico oportuno de alto impacto | I15: Maternidad San Lorenzo de Los Mina | J15: World Health Organization. (2017). Preventing infection and sepsis during childbirth. Geneva, Switzerland: WHO. pp. 5–32 https://www.who.int/publications/i/item/WHO-RHR-17.02 | K15: No | L15: Sí | M15: La población objetivo coincide parcialmente, ya que ambas incluyen gestantes y puérperas, aunque la propuesta se focaliza en eventos de mayor magnitud epidemiológica.
A16: 4 | B16: Neonatos (0-28 días) reciben servicio de atención oportuna Normal y complicados. | C16: 5180.01.0014 | D16: Producto sustantivo | E16: Maternidad San Lorenzo de Los Mina | F16: Garantizar la atención integral y oportuna de los recien nacidos, tanto sanos como con complicaciones. | G16: Recién nacidos (0–28 días) | H16: Atención neonatal especializada y atención crítica (alto impacto en supervivencia) | I16: Maternidad San Lorenzo de Los Mina | J16: World Health Organization. (2023). Newborns: Improving survival and well-being. Geneva, Switzerland: WHO. pp. 1–28 https://www.who.int/news-room/fact-sheets/detail/newborns-reducing-mortality | K16: Sí | L16: Sí | M16: Existen coincidencias programáticas, ya que ambas priorizan la atención neonatal temprana. Asi mismo, se complementan al fortalecer capacidades resolutivas frente a patologías criticas.
A17: 5 | B17: Gestantes reciben servicios de consulta prenatal. | C17: 5180.01.0015 | D17: Producto sustantivo | E17: Maternidad Nuestra Señora de la Altagracia | F17: Ofrecer atención prenatal de calidad en otra unidad ejecutora, ampliando la cobertura territorial. | G17: Gestantes | H17: Atención prenatal integral especializada (prevención primaria y secundaria de alto impacto) | I17: Maternidad Nuestra Señora de la Altagracia | J17: World Health Organization. (2016). WHO recommendations on antenatal care for a positive pregnancy experience. Geneva, Switzerland: WHO. pp. 1–45https://www.who.int/publications/i/item/WHO-RHR-16.12 | K17: No | L17: Sí | M17: La población objetivo coincide parcialmente, lo que permite la complementariedad entre ambas. Se extiende la atención basada en riesgos hacia nuevas áreas, sin solapamiento de servicios.
A18: 6 | B18: Gestantes reciben servicio de atención al parto (normal y complicado). | C18: 5180.01.0015 | D18: Producto sustantivo | E18: Maternidad Nuestra Señora de la Altagracia | F18: Atención al parto | G18: Gestantes | H18: Atención obstétrica especializada y manejo de emergencias (intervención crítica) | I18: Maternidad Nuestra Señora de la Altagracia | J18: World Health Organization. (2018). WHO recommendations: Intrapartum care for a positive childbirth experience. Geneva, Switzerland: WHO. pp. 1–60 https://www.who.int/publications/i/item/9789241550215 | K18: Sí | L18: Sí | M18: Coincide con la propuesta programática en cuanto a la atención de parto, pero se complementa el reforzar la capacidad instalada y la cobertura del servicio.
A19: 7 | B19: Gestantes reciben diagnóstico oportuno para la prevención de sepsis neonatal. | C19: 5180.01.0015 | D19: Producto sustantivo | E19: Maternidad Nuestra Señora de la Altagracia | F19: Reducir la morbilidad y mortalidad asociada a sepsis materna y neonatal mediante diagnóstico precoz. | G19: Gestantes y puérperas | H19: Prevención secundaria y diagnóstico clínico oportuno de alto impacto | I19: Maternidad Nuestra Señora de la Altagracia CPN's Priorizados | J19: World Health Organization. (2017). Preventing infection and sepsis during childbirth. Geneva, Switzerland: WHO. pp. 5–32 https://www.who.int/publications/i/item/WHO-RHR-17.02 | K19: No | L19: Sí | M19: No coincide con la propuesta, pero se complementa al ampliar la cobertura geográfica y fortalecer el manejo de complicaciones neonatales criticas.
A20: 8 | B20: Neonatos (0-28 dias de nacido) reciben servicio de atención oportuna (normal y complicados). | C20: 5180.01.0015 | D20: Producto sustantivo | E20: Maternidad Nuestra Señora de la Altagracia | F20: Atención temprana y especializada. | G20: Recién nacidos (0–28 días) | H20: Atención neonatal especializada y manejo de complicaciones críticas | I20: Maternidad Nuestra Señora de la Altagracia | J20: World Health Organization. (2023). Newborns: Improving survival and well-being. Geneva, Switzerland: WHO. pp. 1–28 https://www.who.int/news-room/fact-sheets/detail/newborns-reducing-mortality | K20: Sí | L20: Sí | M20: Coincide al asegurar la atención neonatal temprana y especializada. Se complementa al ampliar la cobertura geográfica y fortalecer el manejo de complicaciones neonatales criticas, favoreciendo mejores desenlaces en salud.
A21: 9 | B21: Neonatos reciben servicios de tamizaje básico a enfermedades congénitas y metabólicas. | C21: 5180.01.0001 | D21: Producto sustantivo | E21: Servicio Nacional de Salud | F21: Implementar el programa de tamizaje neonatal, garantizar el procesamiento de muestras, el diagnóstico confirmatorio y el seguimiento de los casos positivos. | G21: Gestantes y puérperas | H21: Tamizaje neonatal básico, diagnóstico confirmatorio y seguimiento especializado. | I21: Hospital Infantil Robert Reid Cabral, Hospital Provincial Presidente Estrella Ureña, Hospital Reynaldo Almanzar, Hospital Maternidad Nuestra Señora de la Altagracia, Hospital Infantil San Lorenzo de los Mina y Hospital Regional Jaime Mota | J21: Webster, D., Gaviglio, A., Khan, A. H., Baker, M., Cheillan, D., Chabraoui, L., Abdoh, G., Cabello, J., Giugliani, R., Platis, D., Østrup, J., Howell, R. R., Schielen, P. C. J. I., & Bonham, J. R. (2025). ISNS General Guidelines for Neonatal Bloodspot Screening 2025. International Journal of Neonatal Screening, 11(2), 45. https://doi.org/10.3390/ijns11020045 | K21: Sí | L21: Sí | M21: Coincide con la propuesta programática al incorporarse como un nuevo producto orientado a la detección temprana de enfermedades congénitas y metabólicas. Asimismo, complementa las intervenciones de atención neonatal al fortalecer el diagnóstico oportuno, la referencia, el tratamiento temprano y la prevención de discapacidad y mortalidad infantil.
A22: 11 | B22: Neonatos reciben servicios de tamizaje básico a enfermedades congénitas y metabólicas. | C22: 5180.01.0014 | D22: Producto sustantivo | E22: Servicio Nacional de Salud | F22: Realizar el tamizaje neonatal básico a los recién nacidos del Hospital Universitario Maternidad Nuestra Señora de La Altagracia para la detección temprana de enfermedades congénitas y metabólicas. | G22: Gestantes y puérperas | H22: Tamizaje neonatal básico, diagnóstico confirmatorio y seguimiento especializado. | I22: Hospital Materno Infantil San Lorenzo de Los Mina | J22: Webster, D., Gaviglio, A., Khan, A. H., Baker, M., Cheillan, D., Chabraoui, L., Abdoh, G., Cabello, J., Giugliani, R., Platis, D., Østrup, J., Howell, R. R., Schielen, P. C. J. I., & Bonham, J. R. (2025). ISNS General Guidelines for Neonatal Bloodspot Screening 2025. International Journal of Neonatal Screening, 11(2), 45. https://doi.org/10.3390/ijns11020045 | K22: Sí | L22: Sí | M22: Coincide con la propuesta programática al incorporarse como un nuevo producto orientado a la detección temprana de enfermedades congénitas y metabólicas. Asimismo, complementa las intervenciones de atención neonatal al fortalecer el diagnóstico oportuno, la referencia, el tratamiento temprano y la prevención de discapacidad y mortalidad infantil.
A23: 12 | B23: Neonatos reciben servicios de tamizaje básico a enfermedades congénitas y metabólicas. | C23: 5180.01.0015 | D23: Producto sustantivo | E23: Servicio Nacional de Salud | F23: Realizar el tamizaje neonatal básico a los recién nacidos del Hospital Universitario Maternidad Nuestra Señora de La Altagracia para la detección temprana de enfermedades congénitas y metabólicas. | G23: Gestantes y puérperas | H23: Tamizaje neonatal básico, diagnóstico confirmatorio y seguimiento especializado. | I23: Hospital Universitario Maternidad Nuestra Señora | J23: Webster, D., Gaviglio, A., Khan, A. H., Baker, M., Cheillan, D., Chabraoui, L., Abdoh, G., Cabello, J., Giugliani, R., Platis, D., Østrup, J., Howell, R. R., Schielen, P. C. J. I., & Bonham, J. R. (2025). ISNS General Guidelines for Neonatal Bloodspot Screening 2025. International Journal of Neonatal Screening, 11(2), 45. https://doi.org/10.3390/ijns11020045 | K23: Sí | L23: Sí | M23: Coincide con la propuesta programática al incorporarse como un nuevo producto orientado a la detección temprana de enfermedades congénitas y metabólicas. Asimismo, complementa las intervenciones de atención neonatal al fortalecer el diagnóstico oportuno, la referencia, el tratamiento temprano y la prevención de discapacidad y mortalidad infantil.

Sheet Anexos guía
B2: Anexo B: Indicadores del programa | S2: Anexo C: Metas del programa | AD2: Anexo D: Complementariedad y coincidencias entre programas presupuestarios y/o acciones de desarrollo social
B4: 1. Información general | S4: 1. Información general | AD4: 1. Información general
B6: Nombre del programa: | D6: Salud Materno Neonatal | S6: Nombre del programa: | AD6: Nombre del programa:
B7: Modalidad: | D7: Programa presupuestario orientado a resultados | S7: Modalidad: | AD7: Modalidad:
B8: Institución responsable: | D8: Servicio Nacional de Salud (SNS) | S8: Institución responsable: | AD8: Institución responsable:
B9: Tipo de evaluación: | D9: Diseño | I9: Año de evaluación: | K9: 2026 | S9: Tipo de evaluación: | X9: Año de evaluación: | AD9: Tipo de evaluación: | AK9: Año de evaluación:
B11: Nivel de resultado | C11: Nombre del indicador | D11: Fórmula de cálculo | E11: Específico | F11: Medible | G11: Alcanzable | H11: Relevante | I11: Temporal | J11: Monitoreable | K11: Adecuado | L11: Descripción | M11: Unidad de medida | N11: Periodicidad de medición | O11: Línea de base | P11: Metas | Q11: Sentido de la medición | S11: Nivel de resultado | T11: Nombre del indicador | U11: Meta | V11: Unidad de medida | W11: Justificación | X11: Orientada a impulsar el desempeño | Y11: Justificación | Z11: Factible | AA11: Justificación | AB11: Propuesta de mejora de la meta | AD11: Nombre del programa | AE11: Llave programática | AF11: Modalidad | AG11: Unidad ejecutora | AH11: Propósito o resultado inmediato | AI11: Población objetivo | AJ11: Tipo de apoyo | AK11: Cobertura geográfica | AL11: Fuentes de información | AM11: ¿Coincide con el programa evaluado? | AN11: ¿Se complementa con el programa evaluado? | AO11: Justificación
B13: Resultado final / Fin | E13: Sí / No | F13: Sí / No | G13: Sí / No | H13: Sí / No | I13: Sí / No | J13: Sí / No | K13: Sí / No | L13: Sí / No | M13: Sí / No | N13: Sí / No | O13: Sí / No | P13: Sí / No | Q13: Ascendente / Descendente | V13: Sí / No | X13: Sí / No | Z13: Sí / No | AM13: Sí / No | AN13: Sí / No
B14: Resultado intermedio | E14: Sí / No | F14: Sí / No | G14: Sí / No | H14: Sí / No | I14: Sí / No | J14: Sí / No | K14: Sí / No | L14: Sí / No | M14: Sí / No | N14: Sí / No | O14: Sí / No | P14: Sí / No | Q14: Ascendente / Descendente | V14: Sí / No | X14: Sí / No | Z14: Sí / No | AM14: Sí / No | AN14: Sí / No
B15: Resultado inmediato / Propósito | E15: Sí / No | F15: Sí / No | G15: Sí / No | H15: Sí / No | I15: Sí / No | J15: Sí / No | K15: Sí / No | L15: Sí / No | M15: Sí / No | N15: Sí / No | O15: Sí / No | P15: Sí / No | Q15: Ascendente / Descendente | V15: Sí / No | X15: Sí / No | Z15: Sí / No | AM15: Sí / No | AN15: Sí / No
B16: Producto | E16: Sí / No | F16: Sí / No | G16: Sí / No | H16: Sí / No | I16: Sí / No | J16: Sí / No | K16: Sí / No | L16: Sí / No | M16: Sí / No | N16: Sí / No | O16: Sí / No | P16: Sí / No | Q16: Ascendente / Descendente | V16: Sí / No | X16: Sí / No | Z16: Sí / No | AM16: Sí / No | AN16: Sí / No

Sheet Recálculo ponderaciones
D3: Peso original | E3: Calificación F2 | F3: Reponderación | G3: Reponderación
B4: 1. Pertinencia | D4: 0.2 | E4: =+'Ficha 2'!G4 -> 0.95 | F4: =IF(OR($E4="No evaluado",$E4="N/A"),$E4,D4) -> 0.2 | G4: =IFERROR(($D$11*$F4)/$F$11,$F4) -> 0.2
B5: 2. Coherencia | D5: 0.2 | E5: =+'Ficha 2'!G17 -> 0.9375 | F5: =IF(OR($E5="No evaluado",$E5="N/A"),$E5,D5) -> 0.2 | G5: =IFERROR(($D$11*$F5)/$F$11,$F5) -> 0.2
B6: 3. Eficiencia | D6: 0.1 | E6: =+'Ficha 2'!G41 -> 0.6875 | F6: =IF(OR($E6="No evaluado",$E6="N/A"),$E6,D6) -> 0.1 | G6: =IFERROR(($D$11*$F6)/$F$11,$F6) -> 0.1
B7: 4. Eficacia | D7: 0.1 | E7: =+'Ficha 2'!G52 -> 0.85 | F7: =IF(OR($E7="No evaluado",$E7="N/A"),$E7,D7) -> 0.1 | G7: =IFERROR(($D$11*$F7)/$F$11,$F7) -> 0.1
B8: 5. Sostenibilidad | D8: 0.1 | E8: =+'Ficha 2'!G65 -> 1 | F8: =IF(OR($E8="No evaluado",$E8="N/A"),$E8,D8) -> 0.1 | G8: =IFERROR(($D$11*$F8)/$F$11,$F8) -> 0.1
B9: 6. Evaluabilidad | D9: 0.2 | E9: =+'Ficha 2'!G74 -> 0.95 | F9: =IF(OR($E9="No evaluado",$E9="N/A"),$E9,D9) -> 0.2 | G9: =IFERROR(($D$11*$F9)/$F$11,$F9) -> 0.2
B10: 7. Transparencia | D10: 0.1 | E10: =+'Ficha 2'!G87 -> 1 | F10: =IF(OR($E10="No evaluado",$E10="N/A"),$E10,D10) -> 0.1 | G10: =IFERROR(($D$11*$F10)/$F$11,$F10) -> 0.1
D11: =SUM(D4:D10) -> 1 | F11: =SUM(F4:F10) -> 1 | G11: =SUM(G4:G10) -> 1
